 Dungeon Crawl Stone Soup version 0.29-a0-972-g43c84944fd (webtiles) character file.

Game seed: 2237627917221525483

13616484 Garessta the Intangible (level 27, 17/224 HPs)
             Began as an Octopode Summoner on July 30, 2022.
             Was the Champion of Jiyva.
             Escaped with the Orb
             ... and 15 runes on July 31, 2022!
             The game lasted 09:52:34 (118066 turns).

Garessta the Intangible (Octopode Summoner)       Turns: 118066, Time: 09:52:34

Health: 17/224     AC: 36    Str: 28    XL:     27
Magic:  45/54      EV: 44    Int: 37    God:    Jiyva [******]
Gold:   9512       SH:  0    Dex: 14    Spells: 3/80 levels left

rFire   + + +      SeeInvis +     - Unarmed
rCold   + + +      Faith    .   (shield currently unavailable)
rNeg    + + +      Spirit   .   y - amulet of Sipaluwk {Fragile rElec rC++ Regen+ SInv}
rPois   ∞          Reflect  .   G - ring of Socakh {rC+ rCorr Str+6 Dex-2 Stlth+}
rElec   +          Harm     .   S - ring of the Thistle {rF+ Dex+2 Slay+3 SInv}
rCorr   +          Rampage  .   r - ring "Eti Num" {Str+6 Int+6 Stlth+}
Will    +++..      Archmagi +   J - ring of the Mage {Wiz Archmagi}
Stlth   +++.......              m - ring "Keatseess" {+Blink rC+ Str+7 Int-2}
HPRegen 2.87/turn               X - ring "Lukk" {rF+++ rC- rN+++ AC+4 Dex-3}
MPRegen 0.84/turn               Y - ring of the Loving Messenger {Fly rN+ Str+3 Dex+2}
                                U - ring "Guarise" {rN++ AC+4 Str-5 Int+6}

@: brilliant, in death's door, storm-form, death channelling, silenced,
resistant, wereblooded, flying, hasted, studying 4 skills, invisible, very quick
A: cleaving, insubstantial, flying, almost no armour, amphibious, 8 rings,
(camouflage 1), (gelatinous body 3), (nimble swimmer 1), (tentacles), (antennae
3), (tentacle spike 1), (iridescent scales 1), (cold resistance 2),
deterioration 1, strong-willed 1, strong 1, (eyeballs 3), (pseudopods 1)
0: Orb of Zot
}: 15/15 runes: serpentine, barnacled, slimy, silver, golden, iron, obsidian,
icy, bone, abyssal, demonic, glowing, magical, fiery, dark
a: Blinkbolt, End Transformation, Renounce Religion, Evoke Blink


You escaped.
You worshipped Jiyva.
Jiyva was exalted by your worship.
You were a lightning-filled tempest!
You visited 18 branches of the dungeon, and saw 86 of its levels.
You visited Pandemonium 3 times, and saw 17 of its levels.
You visited the Abyss 2 times.
You completed 1 ziggurat, and saw 27 of its levels.
You also visited: Sewer, Ossuary, Ice Cave and Wizlab.

You collected 29076 gold pieces.
You spent 12766 gold pieces at shops.
You paid 6798 gold pieces to Gozag.

Inventory:

Hand Weapons
 B - the +9 staff of Wucad Mu {*channel}
   (You found it on level 22 of a ziggurat)

   It occasionally powers its wielder's spells, but with a chance of causing
   confusion or draining the wielder's intelligence.
   It becomes more likely to activate and less likely to backfire with increased
   Evocations skill.
Armour
 V - the +3 buckler of Ibok (melded) {rC+ Int+4}
   (You acquired it on level 21 of a ziggurat)

   Int:       It affects your intelligence (+4).
   rC:        It protects you from cold.
Magical Staves
 o - a staff of air (melded)
Jewellery
 i - the ring "Huol" {rC- rN++ Will+ Str+2 SInv}
   (You found it on level 7 of a ziggurat)

   [ring of see invisible]

   Str:       It affects your strength (+2).
   rC:        It makes you vulnerable to cold.
   rN:        It greatly protects you from negative energy.
   SInv:      It lets you see invisible.
   Will:      It increases your willpower.
 k - an amulet of magic regeneration
 l - the ring of Nanluk {rF+ Str+6}
   (You took it off a deep elf sorcerer on level 3 of the Elven Halls)

   [ring of strength]

   Str:       It affects your strength (+6).
   rF:        It protects you from fire.
 m - the ring "Keatseess" (on tentacle) {+Blink rC+ Str+7 Int-2}
   (You found it on level 24 of a ziggurat)

   [ring of protection from cold]

   Str:       It affects your strength (+7).
   Int:       It affects your intelligence (-2).
   rC:        It protects you from cold.
   +Blink:    It lets you blink.
 q - the ring "Jaagyst" {rF+ rCorr Dex+7}
   (You found it in Pandemonium)

   [ring of resist corrosion]

   Dex:       It affects your dexterity (+7).
   rF:        It protects you from fire.
   rCorr:     It protects you from acid and corrosion.
 r - the ring "Eti Num" (on tentacle) {Str+6 Int+6 Stlth+}
   (You bought it in a shop on level 1 of the Orcish Mines)

   [ring of intelligence]

   Str:       It affects your strength (+6).
   Int:       It affects your intelligence (+6).
   Stlth:     It makes you more stealthy.
 t - the ring of Wexkuibi {rC+ Dex+4}
   (You found it on level 10 of a ziggurat)

   [ring of protection from cold]

   Dex:       It affects your dexterity (+4).
   rC:        It protects you from cold.
 v - the ring of the Growing Queen {Will+ Str+4 Stlth+}
   (You found it on level 20 of a ziggurat)

   [ring of willpower]

   Str:       It affects your strength (+4).
   Will:      It increases your willpower.
   Stlth:     It makes you more stealthy.
 x - the ring "Ogimatza" {Wiz Will+ Dex+4}
   (You found it on level 5 of the Pits of Slime)

   [ring of wizardry]

   It improves your spell success rate.
   Dex:       It affects your dexterity (+4).
   Will:      It increases your willpower.
 y - the amulet of Sipaluwk (around neck) {Fragile rElec rC++ Regen+ SInv}
   (You found it on level 27 of a ziggurat)

   [amulet of regeneration]

   rC:        It greatly protects you from cold.
   rElec:     It insulates you from electricity.
   SInv:      It lets you see invisible.
   Regen:     It increases your rate of health regeneration.
   Fragile:   It will be destroyed if unequipped.
 G - the ring of Socakh (left fist) {rC+ rCorr Str+6 Dex-2 Stlth+}
   (You found it on level 5 of the Pits of Slime)

   [ring of protection from cold]

   Str:       It affects your strength (+6).
   Dex:       It affects your dexterity (-2).
   rC:        It protects you from cold.
   rCorr:     It protects you from acid and corrosion.
   Stlth:     It makes you more stealthy.
 J - the ring of the Mage (on tentacle) {Wiz Archmagi}
   (You found it on level 15 of a ziggurat)

   [ring of wizardry]

   It improves your spell success rate.
   Archmagi:  It increases the power of your magical spells.
 R - the ring "Ofuxy" {rN++ rCorr}
   (You found it on level 19 of a ziggurat)

   [ring of resist corrosion]

   rN:        It greatly protects you from negative energy.
   rCorr:     It protects you from acid and corrosion.
 S - the ring of the Thistle (right fist) {rF+ Dex+2 Slay+3 SInv}
   (You found it in Pandemonium)

   [ring of see invisible]

   Dex:       It affects your dexterity (+2).
   Slay:      It affects your accuracy & damage with ranged weapons and melee
   (+3).
   rF:        It protects you from fire.
   SInv:      It lets you see invisible.
 U - the ring "Guarise" (on tentacle) {rN++ AC+4 Str-5 Int+6}
   (You bought it in a shop on level 3 of the Lair of Beasts)

   [ring of protection]

   AC:        It affects your AC (+4).
   Str:       It affects your strength (-5).
   Int:       It affects your intelligence (+6).
   rN:        It greatly protects you from negative energy.
 X - the ring "Lukk" (on tentacle) {rF+++ rC- rN+++ AC+4 Dex-3}
   (You found it on level 18 of a ziggurat)

   [ring of protection]

   AC:        It affects your AC (+4).
   Dex:       It affects your dexterity (-3).
   rF:        It renders you almost immune to fire.
   rC:        It makes you vulnerable to cold.
   rN:        It renders you almost immune to negative energy.
 Y - the ring of the Loving Messenger (on tentacle) {Fly rN+ Str+3 Dex+2}
   (You found it on level 7 of Tartarus)

   [ring of positive energy]

   Str:       It affects your strength (+3).
   Dex:       It affects your dexterity (+2).
   rN:        It protects you from negative energy.
   Fly:       It grants you flight.
 Z - the ring of Nieph {+Blink rF+ Str+4 Int+2 Dex-4}
   (You acquired it on level 21 of a ziggurat)

   [ring of protection from fire]

   Str:       It affects your strength (+4).
   Int:       It affects your intelligence (+2).
   Dex:       It affects your dexterity (-4).
   rF:        It protects you from fire.
   +Blink:    It lets you blink.
Wands
 w - a wand of charming (12)
 F - a wand of digging (3)
 L - a wand of flame (6)
 N - a wand of light (23)
Scrolls
 c - 10 scrolls of butterflies
 e - 16 scrolls of blinking
 f - 44 scrolls of teleportation
 h - 13 scrolls of magic mapping
 n - 5 scrolls of enchant armour
 s - 9 scrolls of silence
 u - 3 scrolls of amnesia
 C - 5 scrolls of enchant weapon
 I - a scroll of summoning
 P - 13 scrolls of fear
Potions
 a - 2 potions of magic
 d - 8 potions of brilliance
 g - 6 potions of resistance
 j - 24 potions of curing
 p - 6 potions of might
 z - 5 potions of berserk rage
 A - 4 potions of cancellation
 M - 14 potions of heal wounds
 Q - a potion of haste
 W - 7 potions of invisibility
Miscellaneous
 b - a phantom mirror
 D - a lightning rod (4/4)
 E - a box of beasts
 H - a condenser vane
 K - a phial of floods
 O - 2 +1 figurines of a ziggurat
 T - the horn of Geryon


   Skills:
 O Level 27 Fighting
 O Level 27 Dodging
 + Level 22.1 Stealth
 O Level 27 Unarmed Combat
 O Level 27 Spellcasting
 - Level 9.8 Hexes
 - Level 14.6 Summonings
 - Level 25.4 Necromancy
 - Level 15.2 Translocations
 O Level 27 Transmutations
 O Level 27 Air Magic
 + Level 20.3 Evocations


You had 3 spell levels left.
You knew the following spells:

 Your Spells              Type           Power      Damage    Failure   Level
a - Death's Door          Necr           88%        N/A       1%          9
b - Enfeeble              Hex            67%        N/A       2%          7
c - Disjunction           Tloc           76%        N/A       1%          8
d - Maxwell's Capacitive  Air            90%        ∞         1%          8
e - Silence               Hex/Air        80%        N/A       0%          5
f - Borgnjor's Revivific  Necr           88%        N/A       1%          8
g - Passage of Golubria   Tloc           100%       N/A       0%          4
h - Wereblood             Tmut           100%       N/A       0%          2
i - Storm Form            Tmut/Air       90%        N/A       0%          7
j - Manifold Assault      Tloc           100%       N/A       0%          5
k - Passwall              Tmut/Erth      100%       N/A       0%          2
l - Apportation           Tloc           100%       N/A       0%          1
m - Death Channel         Necr           88%        N/A       0%          6
p - Blink                 Tloc           100%       N/A       0%          2
z - Swiftness             Air            100%       N/A       0%          3

Your spell library contained the following spells:

 Spells                   Type           Power      Damage    Failure   Level
 Beastly Appendage        Tmut           100%       N/A       0%          1
 Necrotise                Necr           100%       1d9       0%          1
 Shock                    Conj/Air       100%       1d9       0%          1
 Slow                     Hex            100%       N/A       0%          1
 Sting                    Tmut/Pois      100%       1d8       0%          1
 Summon Small Mammal      Summ           100%       N/A       0%          1
 Call Imp                 Summ           100%       N/A       0%          2
 Poisonous Vapours        Pois/Air       100%       N/A       0%          2
 Static Discharge         Conj/Air       100%       3-16/arc  0%          2
 Sublimation of Blood     Necr           100%       N/A       0%          2
 Call Canine Familiar     Summ           100%       N/A       0%          3
 Confusing Touch          Hex            100%       N/A       0%          3
 Gell's Gravitas          Tloc           100%       N/A       0%          3
 Lesser Beckoning         Tloc           100%       N/A       0%          3
 Portal Projectile        Hex/Tloc       100%       N/A       0%          3
 Spider Form              Tmut/Pois      100%       N/A       0%          3
 Summon Guardian Golem    Hex/Summ       100%       N/A       0%          3
 Teleport Other           Tloc           100%       N/A       0%          3
 Tukima's Dance           Hex            100%       N/A       0%          3
 Vampiric Draining        Necr           100%       2d13      0%          3
 Foxfire                  Conj/Fire      100%       2x1d9     1%          1
 Freeze                   Ice            100%       1d11      1%          1
 Magic Dart               Conj           100%       1d8       1%          1
 Sandblast                Erth           100%       2d20      1%          1
 Ensorcelled Hibernation  Hex/Ice        100%       N/A       1%          2
 Scorch                   Fire           100%       2d10      1%          2
 Searing Ray              Conj           100%       2d8       1%          2
 Conjure Flame            Conj/Fire      84%        6-21      1%          3
 Dazzling Flash           Conj/Hex       100%       N/A       1%          3
 Frozen Ramparts          Ice            100%       1d12      1%          3
 Ignite Poison            Fire/Tmut/Pois 100%       N/A       1%          3
 Inner Flame              Hex/Fire       100%       N/A       1%          3
 Mephitic Cloud           Conj/Pois/Air  100%       N/A       1%          3
 Ozocubu's Armour         Ice            84%        N/A       1%          3
 Stone Arrow              Conj/Erth      100%       3d13      1%          3
 Airstrike                Air            90%        0-27+     0%          4
 Anguish                  Hex/Necr       79%        N/A       0%          4
 Animate Dead             Necr           100%       N/A       0%          4
 Corpse Rot               Necr/Pois/Air  100%       N/A       0%          4
 Dispel Undead            Necr           100%       3d31      0%          4
 Ice Form                 Ice/Tmut       100%       N/A       0%          4
 Petrify                  Tmut/Erth      100%       N/A       0%          4
 Summon Lightning Spire   Summ/Air       100%       N/A       0%          4
 Agony                    Necr           100%       N/A       0%          5
 Blade Hands              Tmut           90%        N/A       0%          5
 Summon Forest            Summ/Tloc      76%        N/A       0%          5
 Yara's Violent Unravell  Hex/Tmut       80%        3d29      0%          5
 Dragon Form              Tmut           90%        N/A       0%          7
 Cause Fear               Hex            67%        N/A       1%          4
 Flame Wave               Conj/Fire      84%        2d18      1%          4
 Fulminant Prism          Conj/Hex       57%        3d25      1%          4
 Hailstorm                Conj/Ice       84%        3d17      1%          4
 Iskenderun's Mystic Bla  Conj/Tloc      100%       2d19      1%          4
 Leda's Liquefaction      Hex/Erth       57%        N/A       1%          4
 Olgreb's Toxic Radiance  Pois           84%        N/A       1%          4
 Sticky Flame             Conj/Fire      84%        2d10      1%          4
 Summon Ice Beast         Ice/Summ       100%       N/A       1%          4
 Alistair's Intoxication  Tmut/Pois      98%        N/A       1%          5
 Freezing Cloud           Conj/Ice/Air   66%        6-21      1%          5
 Irradiate                Conj/Tmut      73%        3d36      1%          5
 Lightning Bolt           Conj/Air       73%        1d99      1%          5
 Metabolic Englaciation   Hex/Ice        57%        N/A       1%          5
 Summon Mana Viper        Hex/Summ       100%       N/A       1%          5
 Conjure Ball Lightning   Conj/Air       73%        3x3d27    1%          6
 Dispersal                Tloc           76%        N/A       1%          6
 Eringya's Noxious Bog    Tmut/Pois      73%        N/A       1%          6
 Simulacrum               Ice/Necr       72%        N/A       1%          6
 Statue Form              Tmut/Erth      98%        N/A       1%          6
 Summon Cactus Giant      Summ           75%        N/A       1%          6
 Haunt                    Necr/Summ      82%        N/A       1%          7
 Malign Gateway           Summ/Tloc      76%        N/A       1%          7
 Monstrous Menagerie      Summ           75%        N/A       1%          7
 Summon Hydra             Summ           75%        N/A       1%          7
 Necromutation            Tmut/Necr      89%        N/A       1%          8
 Summon Horrible Things   Summ           75%        N/A       2%          8
 Fireball                 Conj/Fire      42%        3d17      4%          5
 Iskenderun's Battlesphe  Conj           84%        2d13      4%          5
 Lee's Rapid Deconstruct  Erth           42%        3d21*     4%          5
 Spellforged Servitor     Conj/Summ      62%        N/A       6%          7
 Discord                  Hex            67%        N/A       17%         8
 Iron Shot                Conj/Erth      42%        9d8       22%         6
 Starburst                Conj/Fire      42%        6d12      22%         6
 Chain Lightning          Conj/Air       73%        3d98      50%         9
 Orb of Destruction       Conj           42%        9d12      75%         7
 Ozocubu's Refrigeration  Ice            42%        4d13      75%         7
 Ignition                 Fire           42%        3d12      100%        8
 Lehudib's Crystal Spear  Conj/Erth      42%        10d10     100%        8
 Fire Storm               Conj/Fire      42%        8d11      100%        9
 Polar Vortex             Ice            42%        N/A       100%        9
 Shatter                  Erth           42%        3d33*     100%        9
 Animate Armour           Summ/Erth      Unusable   N/A       N/A         4

Dungeon Overview and Level Annotations

Branches:
Dungeon (15/15)            Temple (1/1) D:7            Lair (5/5) D:10
 Shoals (4/4) Lair:2        Snake (4/4) Lair:2        Slime (5/5) Lair:4
    Orc (2/2) D:12            Elf (3/3) Orc:2        Vaults (5/5) D:13
  Crypt (3/3) Vaults:3       Tomb (3/3) Crypt:3      Depths (4/4) D:15
   Hell (visited)             Dis (7/7) Hell            Geh (7/7) Hell
    Coc (7/7) Hell            Tar (7/7) Hell            Zot (5/5) Depths:4
  Sewer (visited)         Ossuary (visited)           IceCv (visited)
 WizLab (visited)

Altars:
Ashenzari
Cheibriados
Dithmenos
Elyvilon
Fedhas
Gozag
Hepliaklqana
Kikubaaqudgha
Makhleb
Nemelex Xobeh
Okawaru
Qazlal
Ru
Sif Muna
Trog
Uskayaw
Vehumet
Wu Jian
Xom
Yredelemnul
Zin
The Shining One
Jiyva
Lugonu

Shops:
D:8 (   D:11 (   Orc:1 =   Orc:2 :(*[=::   Lair:1 *   Lair:3 =   Lair:4 :
Snake:2 *   Snake:3 ??   Vaults:1 (   Vaults:5 *   Depths:2 *   Depths:3 (

Portals:
Hell: Lair:5 Depths:1 Depths:2 Depths:3 Depths:4
Abyss: Depths:2 Depths:3
Pandemonium: Depths:2

Annotations:
D:11 1 runed translucent door
D:15 passwall vault
Slime:4 Dissolution
Slime:5 Royal Jelly
Zot:5 6 transporters


Innate Abilities, Weirdness & Mutations

You are a lightning-filled tempest!
Your electrical attacks strike out in all directions at once.
You are incredibly evasive.
Your insubstantial body is immune to petrification, constriction, and being set on fire You are flying.
You are immune to poison.
Your armour is entirely melded.
You are incapable of wielding weapons or throwing items.
You cannot wear most types of armour.
You are amphibious.
You can wear up to eight rings at the same time.
((Your skin changes colour to match your surroundings (Stealth+).))
((Your gelatinous body deflects attacks. (AC +3, EV +3)))
((You are camouflaged when in or above water. (Stealth+)))
((You have tentacles for arms and can constrict up to eight enemies at once.))
((You have a pair of large antennae on your head. (SInv)))
((One of your tentacles bears a spike.))
((You are partially covered in iridescent scales. (AC +2)))
((Your flesh is very cold resistant. (rC++)))
Your body sometimes deteriorates upon taking damage.
You are strong-willed. (Will+)
Your muscles are strong. (Str +4, Int/Dex -1)
((Your body is covered in eyes which may confuse attackers. (Acc +7, SInv)))
((Armour fits poorly on your pseudopods.))


Message History

You fly upwards.
Your transformation is almost over.
There is a stone staircase leading down here.
There is an open door here.
Your transformation has ended.
Your staff of air unmelds from your body.
The +3 buckler of Ibok {rC+ Int+4} unmelds from your body.
There is an open door here.
You sense a monster nearby.
There is a staircase leading out of the dungeon here.
You feel a strong surge of power!
You turn into a lightning-filled tempest!
Your staff of air melds into your body.
The +3 buckler of Ibok {rC+ Int+4} melds into your body.
Magic restored.
Done exploring.
(D) Dungeon (T) Temple (L) Lair (A) Shoals (P) Snake Pit (M) Slime Pits (O) Orcish Mines (E) Elven Halls (V) Vaults (C) Crypt (W) Tomb (U) Depths (H) Hell (I) Dis (G) Gehenna (X) Cocytus (Y) Tartarus (Z) Zot
Where to? (Enter - D:1 @ (x,y), ? - help) You're already here!
You feel clever all of a sudden.
You feel protected.
You feel yourself speed up.
You fade into invisibility!
Okay, then.
Okay, then.
You feel a strong surge of power!
Your blood is infused with primal strength.
You feel a strong surge of power!
Malign forces permeate your being, awaiting release.
You feel a strong surge of power!
You stand defiantly in death's doorway!
You seem to hear sand running through an hourglass...
You feel a strong surge of power! A profound silence engulfs you.
You can't enter a blood rage from death's door.
Okay, then.
Char dumped successfully.
You have escaped!

#####.########.####....#.#
#.................##.#.#..
#.#######'#######.##.#.###
#.#.............#.##.#....
#.#.###########.#.##.#####
#.#.#.........#.#.##.#
#.#.#.#######.#.#.##.#
###.#.#.#.....#.#.#.##.#
######...#.[.#..v..#...#....#
.......#.#.#.#.....#.#.#.#..#
.#####.#.#.#.###.###.#.#.##.#####
.#####.#.#.#.{.......#.#.##.#....
....##.#.#.###########.#.#....#..
.##.##.#.#.............#.#....#.#
.##.##.#.#######'#######.#....#.#
.......#.................##.#.#[#
###.#######.########.#####....#.#


There were no monsters in sight!

Vanquished Creatures
  Cerebov (Pan)
  Antaeus (Coc:7)
  Asmodeus (Geh:7)
  Ereshkigal (Tar:7)
  Gloorx Vloq (Pan)
  Mnoleg (Pan)
  Dispater (Dis:7)
  Lom Lobon (Pan)
  the Serpent of Hell (Tar:7)
  Khufu (Tomb:3)
  6 dread liches
  18 pandemonium lords
  11 orbs of fire
  10 ancient liches
  3 juggernauts
  39 royal mummies
  Parghit (Zot:3)
  4 curse toes
  13 Killer Klowns
  30 shard shrikes
  58 caustic shrikes
  Geryon (Hell)
  Nikola (Depths:1)
  6 profane servitors
  21 golden dragons
  27 bone dragons
  11 doom hounds
  21 Tzitzimimeh
  9 hellephants
  18 iron giants
  17 tentacled monstrosities
  4 spectral shard shrikes
  Rupert (Vaults:1)
  2 electric golems
  15 Brimstone Fiends
  48 Hell Sentinels
  2 walking earthen tomes
  18 searing wretches
  12 liches
  Grunn (Zot:1)
  30 Ice Fiends
  A shard shrike zombie (Tar:7)
  13 tainted leviathans
  2 walking frostbound tomes
  Asterion (Vaults:1)
  5 deep elf blademasters
  27 Orb Guardians
  4 deep elf master archers
  25 titans
  An eldritch tentacle (Pan)
  17 quicksilver dragons
  6 death cobs
  9 tentacled starspawn
  16 sphinxes
  41 Executioners
  12 draconian monks
  41 ancient champions
  6 shadow dragons
  The ghost of Conn the Thaumaturge, an adept OpFE of Sif Muna (Elf:2)
  21 storm dragons
  6 revenants
  2 daevas (Zig:24)
  9 draconian knights
  9 demonspawn warmongers (Pan)
  A strange machine (WizLab)
  18 fire giants
  9 tengu reavers
  2 nagarajas
  13 narguns
  23 vault wardens
  3 deep elf sorcerers
  A frost giant (shapeshifter) (Zig:19)
  An emperor scorpion (Zig:17)
  A spectral juggernaut (Tar:7)
  30 cacodemons
  59 balrugs
  17 quicksilver elementals
  7 ghost moths
  3 spectral caustic shrikes
  10 iron dragons
  A juggernaut zombie (Tomb:3)
  13 frost giants
  An orc warlord (Zig:2)
  6 draconian scorchers
  10 ghouls
  A caustic shrike zombie (Crypt:3)
  5 shard shrike simulacra
  6 curse skulls
  19 ironbound preservers
  An angel (Abyss:4)
  9 draconian stormcallers
  17 draconian annihilators
  11 draconian shifters
  13 demonspawn corrupters
  38 very ugly things
  11 demonspawn blood saints (Pan)
  27 reapers
  A spriggan defender (Depths:3)
  14 stone giants
  2 juggernaut skeletons
  7 ironbound thunderhulks
  37 war gargoyles
  2 caustic shrike skeletons
  11 green draconians
  15 demonspawn black suns
  9 deep elf annihilators
  5 deep elf demonologists
  10 vampire knights
  8 putrid mouths
  16 elemental wellsprings
  11 black draconians
  14 red draconians
  21 wendigos
  21 lorocyprocas
  2 spectral titans
  15 white draconians
  12 bennus
  9 dire elephants
  5 spark wasps
  9 purple draconians
  16 yellow draconians
  13 entropy weavers
  19 eidola
  5 deep elf death magi
  7 crystal guardians
  30 iron golems
  27 blizzard demons
  7 ettins
  5 merfolk impalers (Zig:27)
  28 green deaths
  17 fire dragons
  4 jiangshi
  2 quicksilver dragon zombies
  2 spectral spriggans
  7 merfolk javelineers
  34 mummy priests
  7 great orbs of eyes
  15 yaktaur captains
  5 deep elf high priests
  3 caustic shrike simulacra
  6 hydras
  13 salamander tyrants
  3 spriggan zombies
  29 vault guards
  4 ogre magi
  5 juggernaut simulacra
  A quicksilver dragon skeleton (Pan)
  11 rakshasas
  12 hell beasts
  A merfolk avatar (Zig:27)
  2 catoblepae
  6 ice dragons
  7 ironbound frosthearts
  3 boulder beetles (Zig:13)
  3 centaur warriors
  10 spriggan air magi
  3 death knights
  2 radroaches (Zig:17)
  2 alligator snapping turtles (Zig:27)
  3 peacekeepers
  5 spriggan skeletons
  6 stokers
  4 two-headed ogres (Vaults:3)
  15 dancing weapons
  4 merfolk aquamancers (Zig:27)
  7 deep troll earth magi
  46 death scarabs
  30 hell hogs
  2 death yaks
  A spectral dire elephant (Tar:2)
  5 tengu warriors
  2 deep troll shamans (Depths:4)
  2 satyrs
  2 spectral nagas (Tar:2)
  11 thrashing horrors
  A titan zombie (Crypt:3)
  11 vampire magi
  14 hell knights
  13 wretched stars
  117 sun demons
  47 soul eaters
  2 spriggans (Depths:3)
  7 spriggan berserkers
  A spectral minotaur (Tar:1)
  2 storm dragon zombies (Zig:21)
  12 crystal echidnas
  6 deep elf knights
  2 storm dragon skeletons
  37 shadow wraiths
  41 sixfirhies
  6 fire crabs (Zig:25)
  6 spatial maelstroms (Zig:24)
  A golden dragon zombie (Crypt:2)
  32 skeletal warriors
  A spectral anaconda (Tar:2)
  3 anaconda zombies
  2 steelbarb worms (Zig:17)
  A bog body (Crypt:1)
  7 sea snakes (Zig:27)
  A quicksilver dragon simulacrum (Depths:1)
  An orb spider (Zig:17)
  2 sun moths (Zig:17)
  5 death drakes (Zig:23)
  59 starcursed masses
  7 shadow demons (Pan)
  A steelbarb worm (shapeshifter) (Depths:1)
  48 deep trolls
  7 iron trolls
  5 wizards
  10 flayed ghosts
  5 deep elf archers
  A spectral hydra (Tar:1)
  14 phantasmal warriors
  3 spriggan simulacra
  An anaconda skeleton (Hell)
  2 spectral iron dragons
  17 harpies
  4 swamp dragons
  A tengu zombie (Zig:21)
  9 lindwurms
  6 orc knights
  12 deep elf zephyrmancers
  14 ironbound convokers
  10 necromancers
  A sphinx zombie (Zig:21)
  30 ugly things
  5 wolf spiders
  2 iron dragon zombies
  A fire giant zombie (Zig:11)
  A spectral merfolk (Tar:1)
  11 deep elf pyromancers
  An orc sorcerer (Orc:2)
  A manticore (shapeshifter) (Vaults:5)
  3 manticores (Zig:27)
  8 fauns
  A spectral alligator snapping turtle (Tar:2)
  69 large abominations
  3 spectral ettins
  5 worldbinders (Abyss:4)
  A moth of wrath (shapeshifter) (Vaults:5)
  A sphinx skeleton (Zig:21)
  27 moths of wrath
  21 vault sentinels
  A draconian skeleton (Pan)
  A merfolk siren (Zig:27)
  A titan simulacrum (Coc:7)
  4 elephants
  2 dire elephant zombies
  A centaur zombie (Crypt:3)
  6 black mambas
  12 rust devils
  95 smoke demons
  8 water nymphs (Zig:27)
  7 apocalypse crabs
  A naga zombie (Crypt:3)
  An eleionoma skeleton (Crypt:1)
  7 ice statues
  2 torpor snails
  11 molten gargoyles
  2 naga skeletons
  42 orange demons
  5 cane toads
  38 hellions
  A rime drake (shapeshifter) (Abyss:4)
  5 centaur skeletons
  A komodo dragon (shapeshifter) (Zig:19)
  6 unseen horrors
  7 rime drakes
  36 tormentors
  3 komodo dragons
  An alligator snapping turtle skeleton (Crypt:1)
  A yaktaur (shapeshifter) (Vaults:5)
  21 demonic crawlers
  30 yaktaurs
  7 ice devils
  17 efreet
  2 iron giant simulacra
  5 freezing wraiths
  2 hydra zombies
  A sea snake skeleton (Hell)
  6 ancient zymes
  A death yak skeleton (Crypt:1)
  2 anaconda simulacra (Coc:7)
  A tengu conjurer (Depths:3)
  A harpy zombie (Crypt:3)
  7 red devils
  31 merfolk (Zig:27)
  37 hellwings
  2 silent spectres (Tar:6)
  72 guardian mummies
  A hydra skeleton (Hell)
  A harpy skeleton (Pan)
  2 tarantellas (Zig:17)
  21 wind drakes
  A troll (Zig:2)
  24 slime creatures
  2 hornets (Depths:3)
  6 blink frogs
  2 polar bears
  An iron dragon simulacrum (Coc:3)
  2 stone giant simulacra (Coc:3)
  An alligator zombie (Hell)
  2 dream sheep (Zig:18)
  6 snapping turtles (Zig:27)
  13 raiju
  A meliai zombie (Crypt:2)
  3 jumping spiders
  4 air elementals
  2 culicivoras
  53 flying skulls
  2 wraiths
  2 ettin skeletons
  A yak (Zig:6)
  A black mamba zombie (Crypt:3)
  An ice dragon skeleton (Tomb:2)
  59 ynoxinuls
  3 dire elephant simulacra
  26 ushabtiu
  13 water elementals
  A wyvern (Zig:6)
  A basilisk (D:15)
  15 fire elementals
  9 redbacks
  49 chaos spawn
  41 neqoxecs
  3 steam dragons (Zig:23)
  A sea snake simulacrum (Hell)
  A demonspawn zombie (Crypt:2)
  11 harpy simulacra
  4 acid dragons (Zig:23)
  8 hell hounds (Zig:25)
  12 water moccasins
  A hydra simulacrum (Hell)
  5 swamp drakes (Zig:23)
  A glowing shapeshifter skeleton (Zig:21)
  A two-headed ogre skeleton (Crypt:1)
  4 ettin simulacra
  12 orc warriors
  2 ogres (Vaults:3)
  A wolf (Zig:4)
  2 boggarts (Vaults:1)
  2 centaurs (Zig:5)
  2 bullfrogs
  3 necrophages
  4 naga simulacra
  3 earth elementals (Zig:13)
  A hornet simulacrum (D:15)
  13 small abominations
  A water moccasin skeleton (Crypt:2)
  A raiju skeleton (Crypt:1)
  2 electric eels (D:15)
  2 vampire bats (D:3)
  2 quasits (Abyss:4)
  A hound (D:6)
  5 orc priests
  2 human zombies (Crypt:1)
  2 iron imps (Abyss:1)
  An orc wizard (Vaults:5)
  An ogre skeleton (Crypt:1)
  2 tengu skeletons
  74 mummies
  A gnoll (D:4)
  A swamp drake zombie (Crypt:2)
  An adder (Sewer)
  3 ufetubi
  12 orcs
  5 bat skeletons (D:3)
  A bat zombie (D:3)
  2 endoplasms
  2 ball pythons
  2 bats
  A dart slug zombie (Crypt:1)
  A kobold skeleton (Crypt:2)
  A kobold zombie (Crypt:1)
  A rat (D:3)
  6 creeping infernos
  21 fire vortices
  2 lurking horrors (Abyss:4)
  8 starspawn tentacles
3905 creatures vanquished.

Vanquished Creatures (collateral kills)
  Mara (Shoals:3)
  2 royal mummies (Tomb:1)
  Sojobo (Depths:3)
  Saint Roka (Snake:2)
  Bai Suzhen (Snake:3)
  Vashnia (Snake:2)
  3 shard shrikes
  7 caustic shrikes
  5 golden dragons
  An electric golem (Zot:5)
  3 iron giants
  3 Hell Sentinels
  A deep elf master archer (Elf:3)
  4 tentacled monstrosities
  2 Ice Fiends
  4 pandemonium lords
  4 titans
  A lich (D:11)
  An Orb Guardian (Zot:5)
  A sphinx (Tomb:1)
  2 quicksilver dragons (Snake:4)
  2 deep elf blademasters
  3 eldritch tentacles
  A death cob (Zot:1)
  Frances (Snake:2)
  3 ancient champions
  3 shadow dragons
  Kirke (D:15)
  Donald (Snake:3)
  Agnes (D:15)
  2 storm dragons
  2 tengu reavers
  9 nagarajas
  Ilsuiw (Shoals:4)
  2 demonspawn warmongers (Pan)
  A strange machine (WizLab)
  2 iron dragons (Zig:23)
  2 fire giants (Zig:25)
  An emperor scorpion (Zig:17)
  3 quicksilver elementals
  4 deep elf sorcerers
  2 orc warlords
  2 draconian knights
  A curse skull (Vaults:3)
  A spectral caustic shrike (Depths:3)
  6 vault wardens
  3 cacodemons (Pan)
  A deep elf elementalist (Elf:3)
  Aizul (Vaults:2)
  A shard shrike simulacrum (Coc:7)
  3 ghouls
  A draconian stormcaller (Zig:16)
  2 spriggan defenders (Vaults:1)
  4 war gargoyles
  A reaper (Zig:14)
  7 ironbound preservers
  A green draconian (Depths:4)
  3 ironbound thunderhulks
  4 stone giants
  9 very ugly things
  A putrid mouth (Tar:1)
  An elemental wellspring (Coc:4)
  A white draconian (Zig:16)
  2 black draconians
  3 deep elf annihilators (Elf:3)
  2 lorocyprocas
  5 deep elf demonologists (Elf:3)
  A demonspawn black sun (Pan)
  A red draconian (Zot:1)
  Azrael (D:15)
  2 entropy weavers
  A spark wasp (Depths:2)
  9 dire elephants
  A purple draconian (Zot:3)
  2 crystal guardians
  23 merfolk impalers
  3 deep elf death magi
  3 eidola
  A green death (Pan)
  Josephine (Orc:1)
  2 blizzard demons (Pan)
  3 yaktaur captains
  9 merfolk javelineers
  A mummy priest (Zig:21)
  An ettin (Vaults:5)
  5 iron golems
  A fire dragon (Depths:2)
  A quicksilver dragon zombie (Crypt:1)
  A deep elf high priest (Zig:20)
  The ghost of fly the Carver, a journeyman DgDe (D:11)
  A vault guard (Vaults:4)
  4 caustic shrike simulacra
  A juggernaut simulacrum (Pan)
  8 salamander tyrants
  5 hydras
  A peacekeeper (Vaults:3)
  A hell beast (Depths:1)
  3 boulder beetles
  3 ice dragons
  3 rakshasas
  A death knight (Crypt:2)
  9 naga warriors
  3 catoblepae
  8 two-headed ogres
  5 anacondas
  An ogre mage (D:15)
  5 alligator snapping turtles
  4 centaur warriors
  7 merfolk avatars
  An ironbound frostheart (Vaults:1)
  3 death yaks (Lair:5)
  26 dancing weapons
  4 satyrs
  9 merfolk aquamancers
  A vampire mage (Crypt:2)
  A thrashing horror (Zig:24)
  9 shock serpents
  13 naga sharpshooters
  4 orc high priests
  5 sun demons
  A deep troll earth mage (D:11)
  A soul eater (Pan)
  11 deep elf knights
  A hell knight (Vaults:4)
  A sixfirhy (Pan)
  2 pharaoh ants (Zig:17)
  16 deep trolls
  3 salamander mystics (Snake:3)
  A wretched star (Zig:24)
  13 skeletal warriors
  2 flayed ghosts
  A golden dragon zombie (D:15)
  A steelbarb worm (Zig:17)
  A spectral anaconda (Tar:1)
  2 orb spiders (Zig:17)
  A kraken simulacrum (Shoals:4)
  A fire crab (Zig:25)
  A shadow demon (Pan)
  16 sea snakes
  A tengu zombie (D:15)
  4 phantasmal warriors
  5 ironbound convokers
  A bog body (IceCv)
  3 spriggan simulacra (IceCv)
  4 wizards
  A lindwurm (Vaults:2)
  An obsidian statue (IceCv)
  9 naga ritualists
  15 deep elf archers
  7 orc knights
  2 necromancers
  27 deep elf zephyrmancers
  A wolf spider (D:15)
  16 ugly things
  42 harpies
  28 deep elf pyromancers
  5 mana vipers
  8 cyclopes
  12 salamanders
  14 manticores
  18 fauns
  5 orc sorcerers
  Maurice (Orc:1)
  3 moths of wrath
  16 merfolk sirens
  6 water nymphs
  14 naga magi
  2 apocalypse crabs (Zig:19)
  27 black mambas
  4 elephants
  7 vault sentinels
  7 guardian serpents
  Joseph (D:10)
  5 gargoyles
  3 cane toads
  3 torpor snails
  2 smoke demons
  5 kobold demonologists
  12 yaktaurs
  5 freezing wraiths
  12 ice devils
  2 tormentors
  10 entropy weaver simulacra (IceCv)
  8 rime drakes
  2 red devils
  A tengu conjurer (D:13)
  3 komodo dragons
  2 anaconda simulacra (IceCv)
  A hellwing (Lair:5)
  2 guardian mummies
  7 wind drakes
  38 merfolk
  4 trolls
  Grinder (D:5)
  A spectral harpy (Tar:1)
  3 polar bears
  An ettin zombie (D:15)
  11 snapping turtles
  A blink frog (shapeshifter) (Elf:3)
  17 slime creatures
  15 dream sheep
  17 blink frogs
  2 centaur simulacra
  A jumping spider (Zig:17)
  13 water elementals
  2 flying skulls (Zig:21)
  2 ynoxinuls (Pan)
  2 air elementals (Elf:1)
  3 shadows
  7 dire elephant simulacra
  31 yaks
  5 fire elementals
  A vampire (D:11)
  10 wraiths
  A yak (shapeshifter) (D:15)
  A wyvern (Zig:18)
  A naga simulacrum (Coc:4)
  Eustachio (D:5)
  8 nameless horrors
  4 steam dragons
  6 basilisks
  2 hogs (D:15)
  9 vampire mosquitoes
  4 chaos spawn
  6 minotaur simulacra (IceCv)
  2 wargs
  32 nagas
  3 harpy simulacra
  A glowing shapeshifter zombie (D:15)
  2 acid dragons
  A hydra simulacrum (Coc:3)
  9 water moccasins
  8 hell hounds
  2 ice beasts
  A swamp drake (Zig:23)
  37 orc warriors
  4 black bears (D:10)
  2 ettin simulacra (IceCv)
  3 sky beasts
  6 boggarts
  An alligator simulacrum (IceCv)
  9 ogres
  34 wolves
  7 centaurs
  2 phantoms
  A kobold brigand (D:6)
  2 necrophages
  A gnoll sergeant (D:9)
  3 bullfrogs
  4 earth elementals
  6 deep troll simulacra (IceCv)
  2 scorpions
  10 wights
  A small abomination (Depths:3)
  11 killer bees
  An electric eel (D:15)
  A vampire bat (D:3)
  5 howler monkeys
  A jelly (D:5)
  Crazy Yiuf (D:2)
  31 orc priests
  5 hounds
  A gnoll bouda (D:10)
  2 iguanas
  26 orc wizards
  A boggart simulacrum (D:11)
  A mummy (Zig:21)
  10 gnolls
  15 adders
  2 white imps
  2 adder zombies (Ossuary)
  3 worms
  4 dart slugs
  101 orcs
  9 endoplasms
  2 giant cockroaches
  3 goblins
  7 hobgoblins
  9 jackals
  9 kobolds
  4 quokkas
  3 ball pythons
  A ball python skeleton (Ossuary)
  A bat (D:3)
  9 frilled lizards
  2 hobgoblin skeletons (Ossuary)
  A hobgoblin zombie (Ossuary)
  A kobold zombie (Ossuary)
  2 orc zombies (Ossuary)
  3 rats
  A butterfly (Lair:3)
  A fire vortex (Zig:19)
1582 creatures vanquished.

Vanquished Creatures (others)
  An iron giant (Dis:2)
  A Hell Sentinel (Dis:2)
  An acid blob (Zig:24)
  64 eldritch tentacles
  A storm dragon (Pan)
  A fire giant (Zig:25)
  A cacodemon (Pan)
  A ghost moth (shapeshifter) (Vaults:5)
  An orc warlord (Orc:2)
  A demonspawn blood saint (Pan)
  A reaper (Pan)
  A draconian annihilator (Pan)
  A deep elf annihilator (Vaults:5)
  2 merfolk javelineers (Zig:27)
  A deep elf death mage (Zig:22)
  A merfolk impaler (Zig:27)
  A hydra (Lair:3)
  A boulder beetle (Lair:5)
  A caustic shrike simulacrum (Coc:7)
  A two-headed ogre (D:9)
  A two-headed ogre (shapeshifter) (Zig:20)
  A merfolk aquamancer (Zig:27)
  A death yak (Lair:5)
  2 deep elf knights
  A fire crab (shapeshifter) (Depths:2)
  A sixfirhy (Pan)
  A sea snake (shapeshifter) (Depths:3)
  7 glowing orange brains
  A sea snake (Zig:27)
  A steelbarb worm (shapeshifter) (Zig:19)
  A swamp dragon (shapeshifter) (Vaults:5)
  A deep elf pyromancer (Zig:15)
  A harpy (Shoals:2)
  2 orc knights (Orc:2)
  A faun (Shoals:3)
  4 ugly things
  A salamander (shapeshifter) (Zig:20)
  3 elephants (Lair:3)
  2 cane toads (Lair:5)
  2 smoke demons
  A torpor snail (shapeshifter) (Zig:19)
  An unseen horror (shapeshifter) (Depths:2)
  A rime drake (Lair:1)
  2 komodo dragons
  A guardian mummy (Tomb:3)
  A wind drake (Pan)
  A troll (D:7)
  A hellwing (Abyss:4)
  7 merfolk
  2 golden eyes (Pan)
  A wind drake (shapeshifter) (Vaults:5)
  2 blink frogs
  3 slime creatures (D:12)
  2 hornets
  A snapping turtle (Zig:27)
  A spriggan (Lair:2)
  A jumping spider (shapeshifter) (Vaults:5)
  2 wraiths
  A dire elephant simulacrum (Coc:7)
  7 yaks
  A ynoxinul (Pan)
  A neqoxec (Pan)
  2 wargs (shapeshifter)
  A warg (Vaults:5)
  A floating eye (Depths:1)
  3 acid dragons (Zig:23)
  A water moccasin (Lair:5)
  2 floating eyes (shapeshifter)
  A swamp drake (Zig:23)
  4 orc warriors
  A black bear (D:10)
  3 boggarts (Vaults:2)
  2 ogres
  2 wolves (Lair:2)
  2 bullfrogs
  A gnoll sergeant (D:6)
  3 wights
  4 killer bees
  472 jellies
  An orc priest (Orc:1)
  A centaur skeleton (Crypt:2)
  2 orc wizards
  4 gnolls
  An ufetubus (D:6)
  An orc (D:6)
  An endoplasm zombie (Crypt:1)
  A bush (Lair:3)
  7 demonic plants (D:12)
  4 fire vortices
  72 fungi
  211 plants
  49 snaplasher vines
  6 starspawn tentacles
  4 tentacles (Shoals:4)
  3 withered plants (D:15)
1033 creatures vanquished.

Grand Total: 6520 creatures vanquished

Notes
Turn   | Place    | Note
-------+----------+-------------------------------------------
     0 | D:1      | Garessta the Octopode Summoner began the quest for the Orb.
     0 | D:1      | Reached XP level 1. HP: 11/11 MP: 3/3
   200 | D:1      | Reached XP level 2. HP: 15/17 MP: 0/5
   203 | D:1      | Learned a level 2 spell: Call Imp
  1351 | D:2      | Reached XP level 3. HP: 21/21 MP: 6/6
  1355 | D:2      | Learned a level 3 spell: Call Canine Familiar
  1394 | D:2      | Found a faded altar of an unknown god.
  1415 | D:2      | You fall into a shaft and drop 1 floor!
  1568 | D:3      | Found an ancient bone altar of Kikubaaqudgha.
  1572 | D:3      | Reached XP level 4. HP: 26/27 MP: 8/8
  1578 | D:3      | Learned a level 3 spell: Summon Guardian Golem
  1583 | D:3      | Reached skill level 5 in Summonings
  1625 | D:3      | Reached skill level 1 in Hexes
  1625 | D:3      | Reached XP level 5. HP: 29/31 MP: 10/10
  2456 | D:2      | Found a runed translucent door.
  2457 | D:2      | Noticed Crazy Yiuf
  2498 | D:2      | Killed Crazy Yiuf
  2761 | D:3      | Reached XP level 6. HP: 36/36 MP: 11/11
  3266 | D:4      | Found a white marble altar of Elyvilon.
  3341 | D:4      | Reached XP level 7. HP: 41/41 MP: 13/13
  3379 | D:4      | Learned a level 4 spell: Summon Lightning Spire
  3396 | D:4      | Found a shimmering blue altar of Sif Muna.
  3681 | D:4      | Reached skill level 1 in Air Magic
  4492 | D:5      | Entered Level 5 of the Dungeon
  4640 | D:5      | Found a glowing drain.
  4663 | Sewer    | Entered a sewer
  5263 | D:5      | Identified a scroll of acquirement
  5278 | D:5      | Acquired Sif Muna's Opusculum on Hurtful Translocation
  5417 | D:5      | Found a glowing golden altar of the Shining One.
  5576 | D:5      | Noticed Eustachio
  5602 | D:5      | Killed Eustachio
  5603 | D:5      | Reached XP level 8. HP: 43/46 MP: 5/14
  5631 | D:5      | Noticed Grinder
  5641 | D:5      | Killed Grinder
  5642 | D:5      | Reached skill level 5 in Spellcasting
  5648 | D:5      | Learned a level 5 spell: Summon Forest
  5709 | D:5      | Reached skill level 1 in Translocations
  6215 | D:6      | Noticed a nameless horror
  6460 | D:6      | Found a snail-covered altar of Cheibriados.
  6617 | D:6      | Killed a nameless horror
  6752 | D:6      | Reached XP level 9. HP: 51/51 MP: 13/17
  6801 | D:6      | Found a hide-covered altar of Uskayaw.
  7131 | D:6      | Found a shimmering altar of Xom.
  7131 | D:6      | Found an opulent altar of Gozag.
  7139 | D:6      | Found a faded altar of an unknown god.
  7142 | D:6      | Became a worshipper of Gozag Ym Sagoz the Greedy
  7146 | D:6      | Found a faded altar of an unknown god.
  7148 | D:6      | Found a radiant altar of Vehumet.
  7946 | D:7      | Found a glowing silver altar of Zin.
  8526 | D:7      | Found a staircase to the Ecumenical Temple.
  8537 | D:7      | Noticed a troll
  8543 | D:7      | Killed a troll
  8544 | D:7      | Reached skill level 5 in Translocations
  8548 | Temple   | Entered the Ecumenical Temple
  9046 | D:7      | Noticed a gargoyle
  9076 | D:7      | Killed a gargoyle
  9077 | D:7      | Reached skill level 1 in Fighting
  9077 | D:7      | Reached XP level 10. HP: 60/60 MP: 6/20
  9428 | D:8      | Found Hizuih's Antique Weapon Shop.
  9827 | D:8      | Found a sand-covered staircase.
  9836 | Ossuary  | Entered an ossuary
 10351 | D:8      | Gained mutation: You have a pair of small antennae on your
                  | head. [potion of mutation]
 10351 | D:8      | Lost mutation: You have a pair of small antennae on your
                  | head. [potion of mutation]
 10351 | D:8      | Gained mutation: You are somewhat resistant to further
                  | mutation. [potion of mutation]
 10352 | D:8      | Lost mutation: You are somewhat resistant to further
                  | mutation. [potion of mutation]
 10352 | D:8      | Gained mutation: You are weak. (Str -2) [potion of
                  | mutation]
 10352 | D:8      | Gained mutation: You are agile. (Dex +4, Str/Int -1)
                  | [potion of mutation]
 10352 | D:8      | Gained mutation: You are dopey. (Int -2) [potion of
                  | mutation]
 10352 | D:8      | Gained mutation: Your natural rate of healing is unusually
                  | fast. [potion of mutation]
 10353 | D:8      | Lost mutation: You are weak. (Str -2) [potion of mutation]
 10353 | D:8      | Lost mutation: You are dopey. (Int -2) [potion of mutation]
 10353 | D:8      | Lost mutation: You are agile. (Dex +4, Str/Int -1) [potion
                  | of mutation]
 10353 | D:8      | Gained mutation: You sometimes lose your temper in combat.
                  | [potion of mutation]
 10354 | D:8      | Lost mutation: You sometimes lose your temper in combat.
                  | [potion of mutation]
 10354 | D:8      | Lost mutation: Your natural rate of healing is unusually
                  | fast. [potion of mutation]
 10354 | D:8      | Gained mutation: You are resistant to electric shocks.
                  | (rElec) [potion of mutation]
 10354 | D:8      | Gained mutation: You are partially covered in iridescent
                  | scales. (AC +2) [potion of mutation]
 10694 | D:8      | Found a hazy altar of Hepliaklqana.
 10920 | D:9      | Noticed a two-headed ogre
 10930 | D:9      | Killed a two-headed ogre
 11433 | D:9      | Reached skill level 5 in Dodging
 11527 | D:9      | Reached XP level 11. HP: 70/70 MP: 20/22
 11656 | D:9      | Reached skill level 5 in Fighting
 11999 | D:10     | Entered Level 10 of the Dungeon
 12289 | D:10     | Reached skill level 10 in Summonings
 12367 | D:10     | Noticed Joseph
 12425 | D:10     | Killed Joseph
 12549 | D:10     | Learned a level 7 spell: Malign Gateway
 12632 | D:10     | Noticed a two-headed ogre
 12639 | D:10     | Killed a two-headed ogre
 12643 | D:10     | Found a staircase to the Lair.
 13130 | D:10     | Found an ornate altar of the Wu Jian Council.
 13571 | Lair:1   | Entered Level 1 of the Lair of Beasts
 13903 | Lair:1   | Reached XP level 12. HP: 81/81 MP: 11/24
 14696 | Lair:1   | Bought a scroll of vulnerability for 76 gold pieces
 14726 | Lair:2   | Found a staircase to the Snake Pit.
 15120 | Lair:2   | Found a staircase to the Shoals.
 16315 | Lair:3   | Reached XP level 13. HP: 90/90 MP: 6/26
 16594 | Lair:3   | Bought a ring of poison resistance for 200 gold pieces
 16594 | Lair:3   | Bought the ring "Guarise" {rN++ AC+4 Str-5 Int+6} for 556
                  | gold pieces
 16709 | Lair:4   | Found a staircase to the Slime Pits.
 16712 | Lair:4   | Found a viscous altar of Jiyva.
 17153 | Lair:5   | Entered Level 5 of the Lair of Beasts
 17181 | Lair:5   | Reached skill level 10 in Dodging
 17816 | Lair:5   | Reached skill level 10 in Fighting
 17843 | Lair:5   | Noticed a dire elephant
 17876 | Lair:5   | Killed a dire elephant
 17934 | Lair:5   | Reached skill level 10 in Spellcasting
 18069 | Lair:5   | Noticed a dire elephant
 18094 | Lair:5   | Killed a dire elephant
 18593 | Lair:5   | Found a burning altar of Makhleb.
 18610 | Lair:5   | Reached XP level 14. HP: 80/99 MP: 18/28
 18785 | Lair:5   | Found a gateway to Hell.
 19577 | D:11     | Found a runed translucent door.
 19577 | D:11     | Noticed a stone giant
 19578 | D:11     | Noticed a lich
 19580 | D:11     | Noticed fly's ghost (journeyman DgDe)
 19586 | D:11     | Found a runed translucent door.
 19724 | D:11     | Found Berhiol's Weapon Shoppe.
 20440 | D:12     | Found a staircase to the Orcish Mines.
 20552 | D:12     | Found a corrupted altar of Lugonu.
 20557 | D:12     | Reached skill level 10 in Translocations
 21664 | Orc:1    | Entered Level 1 of the Orcish Mines
 21875 | Orc:1    | Found Evyhinidu's Jewellery Boutique.
 21917 | Orc:1    | Noticed Maurice
 21928 | Orc:1    | Killed Maurice
 22281 | Orc:1    | Noticed Josephine
 22292 | Orc:1    | Killed Josephine
 22421 | Orc:2    | Entered Level 2 of the Orcish Mines
 22421 | Orc:2    | Noticed an orc warlord
 22430 | Orc:2    | Found a staircase to the Elven Halls.
 23135 | Orc:2    | Killed an orc warlord
 23795 | Orc:2    | Found Ecrarcher's Jewellery Shop.
 23936 | Orc:2    | Found Xehoogi's Antique Armour Boutique.
 23937 | Orc:2    | Found Siugunif's Antique Weapon Boutique.
 23939 | Orc:2    | Found Darugoah's General Store.
 23939 | Orc:2    | Found Gom Moty's Book Shop.
 24355 | Orc:2    | Bought the Codex of Leadership and Clouds for 560 gold
                  | pieces
 24359 | Orc:2    | Bought Vautzoos's Vellum of Generative Metamorphosis for
                  | 448 gold pieces
 24359 | Orc:2    | Bought a book of the Warp for 448 gold pieces
 24363 | Orc:2    | Learned a level 3 spell: Swiftness
 24370 | Orc:2    | Learned a level 6 spell: Summon Cactus Giant
 24482 | D:13     | Reached XP level 15. HP: 107/107 MP: 24/30
 24609 | D:13     | Found a gate to the Vaults.
 25673 | D:14     | Learned a level 6 spell: Dispersal
 25772 | D:14     | Found a frozen archway.
 25839 | IceCv    | Entered an ice cave
 26203 | IceCv    | Identified the +3 ice dragon scales of Faonocau {rF- rC++
                  | Regen+ Int-4 Dex+3 Stlth+}
 27502 | IceCv    | Noticed an Ice Fiend
 27661 | IceCv    | Killed an Ice Fiend
 27966 | IceCv    | Identified the +0 helmet "Kosofups" {Fly rElec rN+}
 27970 | IceCv    | Identified the +2 war axe of the Exiled Places {vorpal,
                  | SInv}
 28122 | D:14     | Found an opulent altar of Gozag.
 28612 | D:15     | Entered Level 15 of the Dungeon
 28664 | D:15     | Found a staircase to the Depths.
 28735 | D:15     | Reached XP level 16. HP: 116/116 MP: 18/32
 28851 | D:15     | Found the +8 arc blade {discharge, rElec}
 28852 | D:15     | Identified the +9 dire flail of Resourcefulness {drain,
                  | *Rage Str+2 Int+7}
 29187 | D:15     | Learned a level 7 spell: Monstrous Menagerie
 29273 | D:15     | Noticed Agnes
 29279 | D:15     | Killed Agnes
 29307 | D:15     | Noticed Azrael
 29332 | D:15     | Killed Azrael
 29344 | D:15     | Noticed Kirke
 29354 | D:15     | Killed Kirke
 29802 | D:15     | Learned a level 5 spell: Summon Mana Viper
 30190 | Orc:2    | Bought the +3 warlock's mirror {reflect} for 1400 gold
                  | pieces
 30190 | Orc:2    | Found the +3 warlock's mirror {reflect}
 30377 | Snake:1  | Entered Level 1 of the Snake Pit
 30900 | Snake:1  | Found a burning altar of Makhleb.
 31909 | Snake:2  | Noticed a nagaraja
 31936 | Snake:2  | Killed a nagaraja
 32374 | Snake:2  | Noticed Vashnia
 32383 | Snake:2  | Killed Vashnia
 32414 | Snake:2  | Noticed Saint Roka
 32427 | Snake:2  | Killed Saint Roka
 32428 | Snake:2  | Reached XP level 17. HP: 105/123 MP: 7/33
 32798 | Snake:2  | Identified the +5 quarterstaff of the Everdark {vorpal,
                  | +Blink Str+2}
 32838 | Snake:2  | Noticed Frances
 33071 | Snake:2  | Killed Frances
 33184 | Snake:2  | Found Acuutim's General Store.
 33192 | Snake:2  | Bought a potion of heal wounds for 90 gold pieces
 33349 | Snake:3  | Noticed Donald
 33358 | Snake:3  | Killed Donald
 33449 | Snake:3  | Noticed Bai Suzhen
 33471 | Snake:3  | Killed Bai Suzhen
 33665 | Snake:3  | Found a transporter.
 33673 | Snake:3  | Found a radiant altar of Vehumet.
 33798 | Snake:3  | Found Zoteor's Magic Scroll Shoppe.
 33798 | Snake:3  | Found Udurin's Magic Scroll Emporium.
 33875 | Snake:3  | Bought a scroll of fear for 56 gold pieces
 33881 | Snake:3  | Bought 2 scrolls of blinking for 270 gold pieces
 33881 | Snake:3  | Bought a scroll of teleportation for 54 gold pieces
 33881 | Snake:3  | Bought a scroll of teleportation for 54 gold pieces
 34286 | Snake:3  | Identified the +0 robe of Bibbiror {Harm rF+ Int+7}
 34786 | Snake:3  | Reached skill level 5 in Air Magic
 34974 | Snake:3  | Found a transporter.
 35062 | Snake:3  | Learned a level 2 spell: Blink
 35100 | Snake:4  | Entered Level 4 of the Snake Pit
 35265 | Snake:4  | Reached skill level 1 in Transmutations
 35741 | Snake:4  | Reached XP level 18. HP: 108/132 MP: 11/35
 35947 | Snake:4  | Identified the +8 chain mail of Ithu {rN+ MP-9 Dex+7
                  | Stlth+}
 36142 | Snake:4  | Noticed a quicksilver dragon
 36142 | Snake:4  | Noticed a quicksilver dragon
 36153 | Snake:4  | Killed a quicksilver dragon
 36155 | Snake:4  | Killed a quicksilver dragon
 36564 | Snake:4  | Got a serpentine rune of Zot
 37315 | D:11     | Killed a lich
 37320 | D:11     | Killed fly's ghost
 37562 | Lair:3   | Bought the ring of the Raven {*Slow Fly rF+ rC+ Dex+3} for
                  | 418 gold pieces
 37605 | Shoals:1 | Entered Level 1 of the Shoals
 37826 | Shoals:1 | Reached skill level 5 in Transmutations
 38110 | Shoals:1 | Reached skill level 15 in Dodging
 39373 | Shoals:2 | Reached skill level 15 in Fighting
 39928 | Shoals:2 | You are sucked into a shaft and drop 1 floor!
 39966 | Shoals:3 | Reached XP level 19. HP: 81/139 MP: 4/37
 40170 | Shoals:3 | Noticed Mara
 42370 | Shoals:3 | Killed Mara
 42608 | Shoals:3 | Reached skill level 10 in Air Magic
 42952 | Shoals:4 | Entered Level 4 of the Shoals
 43622 | Shoals:4 | Noticed Ilsuiw
 45232 | Shoals:4 | Killed Ilsuiw
 45336 | Shoals:4 | Got the Spellbook of Nocuous Breath
 45800 | Shoals:4 | Got a barnacled rune of Zot
 46236 | Orc:2    | Bought a book of the Senses for 384 gold pieces
 46273 | Elf:1    | Entered Level 1 of the Elven Halls
 46342 | Elf:1    | You are sucked into a shaft and drop 1 floor!
 46404 | Elf:2    | Found a transporter.
 46440 | Elf:2    | Found a transporter.
 46441 | Elf:2    | Found a bloodstained altar of Trog.
 46441 | Elf:2    | Noticed Conn's ghost (adept OpFE)
 46589 | Elf:2    | Reached XP level 20. HP: 147/147 MP: 30/38
 46621 | Elf:2    | Learned a level 7 spell: Storm Form
 46799 | Elf:1    | Reached skill level 1 in Unarmed Combat
 46839 | Elf:1    | Reached skill level 15 in Spellcasting
 47176 | Elf:1    | Found the +7 captain's cutlass {speed, disarm}
 47224 | Elf:1    | Got the Cyclopedia of Conjuration
 47267 | Elf:1    | Reached skill level 10 in Transmutations
 47370 | Elf:1    | Paralysed by an air elemental for 1 turns
 48830 | Elf:2    | Found a runed translucent gate.
 48831 | Elf:2    | Found a runed translucent gate.
 48831 | Elf:2    | Found a runed translucent gate.
 49038 | Elf:2    | Reached skill level 5 in Unarmed Combat
 49509 | Elf:3    | Entered Level 3 of the Elven Halls
 49568 | Elf:3    | Noticed a Brimstone Fiend
 49845 | Elf:3    | Identified the ring of Piseluer {Str+6 Dex+2}
 50463 | Elf:3    | Identified the +6 scimitar of Fate {pain, rElec Str+5
                  | Dex+4}
 50894 | Elf:3    | Reached XP level 21. HP: 133/153 MP: 41/41
 51030 | Elf:3    | Found Yraclesune's Assorted Antiques.
 51081 | Elf:3    | Paralysed by an air elemental for 1 turns
 51703 | Elf:3    | Identified the ring of Nanluk {rF+ Str+6}
 51844 | Elf:3    | Got Ejic's Cyclopedia of the Traveller
 51937 | Elf:3    | Got Wesehif's Writings on Weather and Ignition
 52031 | Elf:3    | Identified the +0 pair of gloves of Enas {rElec Regen+
                  | Int-3 SInv}
 52565 | Vaults:1 | Entered Level 1 of the Vaults
 52924 | Vaults:1 | Learned a level 5 spell: Manifold Assault
 53019 | Vaults:1 | Paralysed by a great orb of eyes for 2 turns
 53735 | Vaults:1 | Found Pokei's Antique Weapon Shop.
 53881 | Vaults:1 | Noticed Rupert
 53899 | Vaults:1 | Killed Rupert
 54475 | Vaults:1 | Noticed Asterion
 54482 | Vaults:1 | Killed Asterion
 54860 | Vaults:1 | Identified the +10 arbalest "Zato" {penet, +Blink}
 55488 | Vaults:2 | Identified the +6 spear of Lutyej {vorpal, rCorr Str+3
                  | Dex+5}
 56030 | Vaults:2 | Noticed Aizul
 56039 | Vaults:2 | Killed Aizul
 56244 | Vaults:2 | Reached XP level 22. HP: 148/159 MP: 43/43
 56805 | Vaults:3 | Identified the +5 quarterstaff of Omusaru {elec, rC- Int+5}
 58910 | Vaults:3 | Found a staircase to the Crypt.
 59695 | Vaults:4 | Reached XP level 23. HP: 128/164 MP: 12/44
 59701 | Vaults:4 | Reached skill level 15 in Translocations
 60428 | Vaults:4 | Got Hifausu's Anthology of Filthy Reformation
 60828 | Vaults:4 | Acquired a +4 ring of slaying
 62095 | Orc:2    | Bought a scroll of enchant armour for 97 gold pieces
 62095 | Orc:2    | Bought a potion of cancellation for 104 gold pieces
 62095 | Orc:2    | Bought a potion of curing for 39 gold pieces
 62100 | Orc:2    | Bought a book of the Moon for 680 gold pieces
 62105 | Orc:2    | Learned a level 4 spell: Passage of Golubria
 62148 | Orc:1    | Bought the ring "Eti Num" {Str+6 Int+6 Stlth+} for 876 gold
                  | pieces
 62285 | Lair:1   | Bought a scroll of blinking for 142 gold pieces
 62285 | Lair:1   | Bought a scroll of brand weapon for 180 gold pieces
 62285 | Lair:1   | Bought the Secrets of Calefaction and Variation for 798
                  | gold pieces
 62285 | Lair:1   | Bought a potion of magic for 152 gold pieces
 62285 | Lair:1   | Bought 2 potions of heal wounds for 190 gold pieces
 62285 | Lair:1   | Bought a scroll of butterflies for 76 gold pieces
 62285 | Lair:1   | Bought a scroll of teleportation for 57 gold pieces
 62342 | Lair:3   | Bought the amulet "Sowiwudi" {Faith rN+ Will+ Str+4 SInv}
                  | for 694 gold pieces
 62342 | Lair:3   | Bought the ring of Borghuwki {rCorr Str+6 Dex+2} for 528
                  | gold pieces
 62464 | Snake:3  | Bought a scroll of summoning for 133 gold pieces
 62464 | Snake:3  | Bought a scroll of poison for 56 gold pieces
 62464 | Snake:3  | Bought a scroll of summoning for 133 gold pieces
 62464 | Snake:3  | Bought a scroll of silence for 133 gold pieces
 62538 | Snake:2  | Bought a scroll of butterflies for 72 gold pieces
 62538 | Snake:2  | Bought a scroll of poison for 72 gold pieces
 62538 | Snake:2  | Bought a scroll of butterflies for 72 gold pieces
 62610 | Snake:3  | Bought a scroll of enchant weapon for 135 gold pieces
 62610 | Snake:3  | Bought a scroll of enchant armour for 135 gold pieces
 62610 | Snake:3  | Bought a scroll of summoning for 171 gold pieces
 62610 | Snake:3  | Bought a scroll of enchant armour for 135 gold pieces
 62745 | Lair:4   | Bought a manual of Fighting for 1680 gold pieces
 62748 | Lair:4   | Fell from the grace of Gozag
 62748 | Lair:4   | Became a worshipper of Jiyva Jilisout the Shapeless
 62751 | Slime:1  | Entered Level 1 of the Pits of Slime
 63048 | Slime:4  | Noticed Dissolution
 63149 | Slime:5  | Entered Level 5 of the Pits of Slime
 63335 | Slime:5  | Found a viscous altar of Jiyva.
 63343 | Slime:5  | Noticed the Royal Jelly
 63429 | Slime:5  | Found the +15 Maxwell's patent armour {-Cast -Tele rElec
                  | Will+ rCorr}
 64033 | Crypt:1  | Entered Level 1 of the Crypt
 64102 | Crypt:1  | Found a magical portal.
 64154 | WizLab   | Entered Tukima's Studio
 64393 | WizLab   | Noticed Garessta's illusion
 64475 | WizLab   | Got the Octavo of the Oath
 64825 | WizLab   | Got the Directory of Beguiling
 65086 | Crypt:1  | Reached * piety under Jiyva
 65449 | Crypt:1  | Reached ** piety under Jiyva
 66249 | Crypt:1  | Found a basalt altar of Yredelemnul.
 66263 | Crypt:2  | Reached *** piety under Jiyva
 66615 | Crypt:2  | Gained mutation: Your melee attacks may engulf your foes in
                  | ooze. [Jiyva's grace]
 66615 | Crypt:2  | Gained mutation: Your muscles are strong. (Str +4, Int/Dex
                  | -1) [Jiyva's grace]
 66615 | Crypt:2  | Gained mutation: Your muscles are very strong. (Str +8,
                  | Int/Dex -2) [Jiyva's grace]
 66615 | Crypt:2  | Gained mutation: You are covered in slimy tendrils that may
                  | disarm your opponents. [Jiyva's grace]
 67000 | Crypt:3  | Entered Level 3 of the Crypt
 67202 | Crypt:3  | Reached **** piety under Jiyva
 67224 | Crypt:3  | Reached XP level 24. HP: 175/175 MP: 41/45
 67894 | Crypt:3  | Noticed a dread lich
 67899 | Crypt:3  | Killed a dread lich
 67900 | Crypt:3  | Reached skill level 15 in Air Magic
 67965 | Crypt:3  | Learned a level 2 spell: Wereblood
 67971 | Crypt:3  | Found a basalt altar of Yredelemnul.
 68232 | Crypt:3  | Got the Almanac of Bloodstone
 68233 | Crypt:3  | Identified the ring of Orthodoxy {rF- rN+ Dex+4 Slay+2}
 68233 | Crypt:3  | Identified the ring "Rerout" {+Blink rElec rF- rN+ Str+5}
 68447 | Crypt:3  | Found a staircase to the Tomb.
 68540 | Tomb:1   | Entered Level 1 of the Tomb of the Ancients
 68568 | Tomb:1   | Reached ***** piety under Jiyva
 68697 | Tomb:1   | Reached skill level 1 in Necromancy
 69322 | Depths:1 | Entered Level 1 of the Depths
 69485 | Depths:1 | Lost mutation: You are resistant to electric shocks.
                  | (rElec) [Jiyva's grace]
 69485 | Depths:1 | Lost mutation: You are covered in slimy tendrils that may
                  | disarm your opponents. [Jiyva's grace]
 69485 | Depths:1 | Gained mutation: You have a pair of small antennae on your
                  | head. [Jiyva's grace]
 69485 | Depths:1 | Gained mutation: You have a pair of antennae on your head.
                  | [Jiyva's grace]
 69485 | Depths:1 | Gained mutation: You have a pair of large antennae on your
                  | head. (SInv) [Jiyva's grace]
 69485 | Depths:1 | Gained mutation: You have a small jelly attached to you
                  | that may absorb projectiles. [Jiyva's grace]
 69622 | Depths:1 | Reached skill level 10 in Unarmed Combat
 69957 | Depths:1 | Found a one-way gateway to a ziggurat.
 70273 | Depths:1 | Noticed Nikola
 70277 | Depths:1 | Killed Nikola
 70501 | Depths:1 | Reached ****** piety under Jiyva
 71117 | Slime:5  | Got a slimy rune of Zot
 71118 | Slime:5  | Identified the ring of Socakh {rC+ rCorr Str+6 Dex-2
                  | Stlth+}
 71128 | Slime:5  | Got the Opusculum on Envenoming and the Zephyr
 71134 | Slime:5  | Identified the ring of Iboatasoa {Ice Drain Str+8 Int+4}
 71136 | Slime:5  | Identified the +0 buckler "Monoiseg" {Rampage Int+4 Slay+2}
 71155 | Slime:5  | Identified the ring "Ogimatza" {Wiz Will+ Dex+4}
 71184 | Slime:5  | Identified the +1 robe of the Lotus Blossom {rElec rCorr
                  | Str-5 Int+3 Dex+3}
 71664 | Depths:2 | Noticed a juggernaut
 71677 | Depths:2 | Killed a juggernaut
 71882 | Depths:2 | Found a one-way gate leading to the halls of Pandemonium.
 71942 | Depths:2 | Got the Handbook of Conflagrant Metal
 72106 | Depths:2 | Lost mutation: You have a pair of large antennae on your
                  | head. (SInv) [Jiyva's grace]
 72106 | Depths:2 | Lost mutation: You are partially covered in iridescent
                  | scales. (AC +2) [Jiyva's grace]
 72106 | Depths:2 | Gained mutation: You are covered in fur. (AC +1) [Jiyva's
                  | grace]
 72106 | Depths:2 | Gained mutation: You are covered in thick fur. (AC +2)
                  | [Jiyva's grace]
 72106 | Depths:2 | Gained mutation: Your thick and shaggy fur keeps you warm.
                  | (AC +3, rC+) [Jiyva's grace]
 72106 | Depths:2 | Gained mutation: You have an increased reservoir of magic.
                  | (+10% MP) [Jiyva's grace]
 72313 | Depths:2 | Found a one-way gate to the infinite horrors of the Abyss.
 72328 | Depths:2 | Found Fiogg's Changing Room.
 72579 | Depths:3 | Noticed Sojobo
 72586 | Depths:3 | Killed Sojobo
 72594 | Depths:3 | Reached XP level 25. HP: 184/184 MP: 8/50
 72597 | Depths:3 | Learned a level 2 spell: Passwall
 72695 | Depths:3 | Found Faesut's Weapon Shoppe.
 73123 | Depths:3 | Identified the +6 mace "Ufuciroa" {freeze, rC+ MP+9}
 73290 | Depths:3 | Found a runed translucent door.
 73319 | Depths:3 | Was forgiven by Gozag
 73353 | Depths:3 | Reached skill level 15 in Transmutations
 73501 | Depths:3 | Reached skill level 5 in Necromancy
 73589 | Depths:3 | Got the Volume of Moulding and the Volcanoes
 73988 | Depths:4 | Entered Level 4 of the Depths
 74564 | Depths:4 | Lost mutation: You have a pair of antennae on your head.
                  | [Jiyva's grace]
 74564 | Depths:4 | Lost mutation: You have an increased reservoir of magic.
                  | (+10% MP) [Jiyva's grace]
 74564 | Depths:4 | Lost mutation: Your muscles are very strong. (Str +8,
                  | Int/Dex -2) [Jiyva's grace]
 74564 | Depths:4 | Gained mutation: One of your tentacles bears a spike.
                  | [Jiyva's grace]
 74564 | Depths:4 | Gained mutation: One of your tentacles bears a nasty spike.
                  | [Jiyva's grace]
 74564 | Depths:4 | Gained mutation: One of your tentacles bears a large
                  | vicious spike. [Jiyva's grace]
 74564 | Depths:4 | Gained mutation: You expend magic power (3 MP) to
                  | strengthen your wands. [Jiyva's grace]
 74666 | Depths:4 | Found a gate to the Realm of Zot.
 74878 | Depths:4 | Identified the +10 flail "Noosucso" {vorpal, rPois rN+
                  | Int+3}
 75252 | Depths:4 | Learned a level 5 spell: Silence
 75305 | Zot:1    | Entered Level 1 of the Realm of Zot
 75449 | Zot:1    | Reached XP level 26. HP: 194/194 MP: 35/46
 75488 | Zot:1    | Noticed Grunn
 75672 | Zot:1    | Killed Grunn
 76568 | Elf:2    | Killed Conn's ghost
 76587 | Elf:2    | Identified the +4 whip "Hohi" {spect, *Corrode Int+8 Dex+3}
 77222 | Zot:2    | Noticed a Killer Klown
 77231 | Zot:2    | Killed a Killer Klown
 77723 | Zot:2    | Lost mutation: One of your tentacles bears a large vicious
                  | spike. [Jiyva's grace]
 77723 | Zot:2    | Lost mutation: Your muscles are strong. (Str +4, Int/Dex
                  | -1) [Jiyva's grace]
 77723 | Zot:2    | Gained mutation: You have hidden genetic potential.
                  | [Jiyva's grace]
 77723 | Zot:2    | Gained mutation: You have great hidden genetic potential.
                  | [Jiyva's grace]
 77723 | Zot:2    | Gained mutation: Your mind is acute. (Int +4, Str/Dex -1)
                  | [Jiyva's grace]
 77723 | Zot:2    | Gained mutation: Your mind is very acute. (Int +8, Str/Dex
                  | -2) [Jiyva's grace]
 77731 | Zot:2    | Found the +11 plutonium sword {Contam Stlth-}
 78694 | Zot:3    | Reached XP level 27. HP: 201/201 MP: 14/46
 78891 | Zot:3    | Noticed Parghit
 78901 | Zot:3    | Killed Parghit
 79581 | Zot:4    | Lost mutation: You have a pair of small antennae on your
                  | head. [Jiyva's grace]
 79581 | Zot:4    | Lost mutation: Your mind is very acute. (Int +8, Str/Dex
                  | -2) [Jiyva's grace]
 79581 | Zot:4    | Lost mutation: Your melee attacks may engulf your foes in
                  | ooze. [Jiyva's grace]
 79581 | Zot:4    | Gained mutation: You are covered in slimy tendrils that may
                  | disarm your opponents. [Jiyva's grace]
 79581 | Zot:4    | Gained mutation: You have a pair of small antennae on your
                  | head. [Jiyva's grace]
 79581 | Zot:4    | Gained mutation: You have a pair of antennae on your head.
                  | [Jiyva's grace]
 79581 | Zot:4    | Gained mutation: You have a pair of large antennae on your
                  | head. (SInv) [Jiyva's grace]
 79975 | Zot:5    | Entered Level 5 of the Realm of Zot
 80122 | Zot:5    | Noticed an orb of fire
 80130 | Zot:5    | Killed an orb of fire
 80199 | Zot:5    | Found a transporter.
 80203 | Zot:5    | Found a transporter.
 80349 | Zot:5    | Found a transporter.
 80351 | Zot:5    | Found a transporter.
 80416 | Zot:5    | Found a transporter.
 80420 | Zot:5    | Found a transporter.
 80597 | Zot:5    | Identified the +3 morningstar "Notavuf" {freeze, +Blink rN+
                  | Will+}
 80599 | Zot:5    | Noticed an ancient lich
 80603 | Zot:5    | Killed an ancient lich
 80611 | Zot:5    | Noticed an ancient lich
 80611 | Zot:5    | Gained mutation: One of your tentacles bears a large
                  | vicious spike. [hidden potential]
 80635 | Zot:5    | Killed an ancient lich
 80638 | Zot:5    | Noticed an orb of fire
 80655 | Zot:5    | Killed an orb of fire
 80742 | Zot:5    | Noticed an orb of fire
 80743 | Zot:5    | Gained mutation: Your spells are a little easier to cast,
                  | but a little less powerful. [an orb of fire]
 80746 | Zot:5    | Killed an orb of fire
 80747 | Zot:5    | Reached skill level 10 in Necromancy
 80901 | Zot:5    | Reached skill level 15 in Unarmed Combat
 81039 | Zot:5    | Noticed an orb of fire
 81045 | Zot:5    | Killed an orb of fire
 81204 | Zot:5    | Learned a level 8 spell: Maxwell's Capacitive Coupling
 81214 | Zot:5    | Learned a level 8 spell: Disjunction
 81693 | Vaults:5 | Entered Level 5 of the Vaults
 81796 | Vaults:5 | Identified the +6 bardiche of Perfectionism {vorpal, Str+4}
 81867 | Vaults:5 | Identified the +10 scimitar of Topieri {chaos, MP+9 Int+6}
 82188 | Vaults:5 | Identified the amulet of Leaves {Acrobat Harm +Blink rF-}
 82210 | Vaults:5 | Gained mutation: You possess an exceptional clarity of
                  | mind. [hidden potential]
 82210 | Vaults:5 | Lost mutation: You have great hidden genetic potential.
                  | [hidden potential expressed]
 82298 | Vaults:5 | Found Cecug's General Store.
 82306 | Vaults:5 | Bought a scroll of summoning for 161 gold pieces
 82306 | Vaults:5 | Bought a scroll of teleportation for 51 gold pieces
 82372 | Vaults:5 | Lost mutation: One of your tentacles bears a large vicious
                  | spike. [Jiyva's grace]
 82372 | Vaults:5 | Lost mutation: Your mind is acute. (Int +4, Str/Dex -1)
                  | [Jiyva's grace]
 82372 | Vaults:5 | Lost mutation: You have hidden genetic potential. [Jiyva's
                  | grace]
 82372 | Vaults:5 | Lost mutation: You are covered in slimy tendrils that may
                  | disarm your opponents. [Jiyva's grace]
 82372 | Vaults:5 | Lost mutation: You have a small jelly attached to you that
                  | may absorb projectiles. [Jiyva's grace]
 82372 | Vaults:5 | Gained mutation: You have very sharp teeth. [Jiyva's grace]
 82372 | Vaults:5 | Gained mutation: You have extremely sharp teeth. [Jiyva's
                  | grace]
 82372 | Vaults:5 | Gained mutation: You have razor-sharp teeth. [Jiyva's
                  | grace]
 82372 | Vaults:5 | Lost mutation: Your spells are a little easier to cast, but
                  | a little less powerful. [Jiyva's grace]
 82452 | Vaults:5 | Identified the +8 hand axe of the Weasel {vorpal, rElec
                  | Will+}
 82634 | Vaults:5 | Identified the +1 pair of gloves of the Sparrow {rN+}
 82813 | Vaults:5 | Got a silver rune of Zot
 83329 | Depths:2 | Voluntarily entered the Abyss.
 83498 | Abyss:2  | Found a corrupted altar of Lugonu.
 83680 | Abyss:3  | Found a corrupted altar of Lugonu.
 83908 | Abyss:4  | Got an abyssal rune of Zot
 83923 | Depths:2 | Escaped the Abyss
 84048 | Pan      | Entered Pandemonium
 84107 | Pan      | Noticed Jugunaod the pandemonium lord
 84115 | Pan      | Killed Jugunaod the pandemonium lord
 84336 | Pan      | Lost mutation: You have a pair of large antennae on your
                  | head. (SInv) [Jiyva's grace]
 84336 | Pan      | Lost mutation: One of your tentacles bears a nasty spike.
                  | [Jiyva's grace]
 84336 | Pan      | Lost mutation: Your thick and shaggy fur keeps you warm.
                  | (AC +3, rC+) [Jiyva's grace]
 84336 | Pan      | Gained mutation: You are agile. (Dex +4, Str/Int -1)
                  | [Jiyva's grace]
 84336 | Pan      | Gained mutation: You are very agile. (Dex +8, Str/Int -2)
                  | [Jiyva's grace]
 84336 | Pan      | Gained mutation: Your flesh is heat resistant. (rF+)
                  | [Jiyva's grace]
 84336 | Pan      | Gained mutation: Your flesh is very heat resistant. (rF++)
                  | [Jiyva's grace]
 84649 | Pan      | Got a demonic rune of Zot
 84973 | Pan      | Noticed Saryu the pandemonium lord
 84989 | Pan      | Killed Saryu the pandemonium lord
 85927 | Pan      | Noticed Panoej the pandemonium lord
 85936 | Pan      | Killed Panoej the pandemonium lord
 86052 | Pan      | Lost mutation: You have a pair of antennae on your head.
                  | [Jiyva's grace]
 86052 | Pan      | Lost mutation: You have a pair of small antennae on your
                  | head. [Jiyva's grace]
 86052 | Pan      | Lost mutation: You have razor-sharp teeth. [Jiyva's grace]
 86052 | Pan      | Lost mutation: Your flesh is very heat resistant. (rF++)
                  | [Jiyva's grace]
 86052 | Pan      | Lost mutation: You are covered in thick fur. (AC +2)
                  | [Jiyva's grace]
 86052 | Pan      | Gained mutation: You have supernaturally acute eyesight.
                  | (SInv) [Jiyva's grace]
 86052 | Pan      | Gained mutation: You are partially covered in iridescent
                  | scales. (AC +2) [Jiyva's grace]
 86052 | Pan      | Gained mutation: You are mostly covered in iridescent
                  | scales. (AC +4) [Jiyva's grace]
 86052 | Pan      | Gained mutation: You are completely covered in iridescent
                  | scales. (AC +6) [Jiyva's grace]
 86064 | Pan      | Found an exit through the horrors of the Abyss.
 86828 | Pan      | Noticed Otitahaf the pandemonium lord
 86834 | Pan      | Killed Otitahaf the pandemonium lord
 87595 | Pan      | Noticed Cuomual the pandemonium lord
 87619 | Pan      | Killed Cuomual the pandemonium lord
 88188 | Pan      | Identified the +8 sling of Magnificence {vorpal, rElec
                  | rPois Dex+2}
 88362 | Pan      | Lost mutation: You have extremely sharp teeth. [Jiyva's
                  | grace]
 88362 | Pan      | Lost mutation: You are completely covered in iridescent
                  | scales. (AC +6) [Jiyva's grace]
 88362 | Pan      | Lost mutation: You have supernaturally acute eyesight.
                  | (SInv) [Jiyva's grace]
 88362 | Pan      | Lost mutation: You are very agile. (Dex +8, Str/Int -2)
                  | [Jiyva's grace]
 88362 | Pan      | Gained mutation: Armour fits poorly on your pseudopods.
                  | [Jiyva's grace]
 88362 | Pan      | Gained mutation: Armour fits poorly on your large
                  | pseudopods. [Jiyva's grace]
 88362 | Pan      | Gained mutation: Armour fits poorly on your massive
                  | pseudopods. [Jiyva's grace]
 88362 | Pan      | Gained mutation: You are strong-willed. (Will+) [Jiyva's
                  | grace]
 88613 | Pan      | Found a transporter.
 88645 | Pan      | Found an exit through the horrors of the Abyss.
 88706 | Pan      | Identified the amulet "Soimavat" {Spirit Str-2 Dex+7
                  | Stlth+}
 88708 | Pan      | Found a transporter.
 89214 | Pan      | Identified the ring of the Thistle {rF+ Dex+2 Slay+3 SInv}
 89234 | Pan      | Identified the ring "Jaagyst" {rF+ rCorr Dex+7}
 89268 | Pan      | Entered the realm of Gloorx Vloq.
 89268 | Pan      | Noticed Gloorx Vloq
 89675 | Pan      | Found an exit through the horrors of the Abyss.
 89920 | Pan      | Killed Gloorx Vloq
 90168 | Pan      | Got a dark rune of Zot
 90674 | Pan      | Lost mutation: You have very sharp teeth. [Jiyva's grace]
 90674 | Pan      | Lost mutation: You are strong-willed. (Will+) [Jiyva's
                  | grace]
 90674 | Pan      | Gained mutation: You have a small jelly attached to you
                  | that senses nearby items. [Jiyva's grace]
 90674 | Pan      | Gained mutation: One of your tentacles bears a nasty spike.
                  | [Jiyva's grace]
 90674 | Pan      | Gained mutation: One of your tentacles bears a large
                  | vicious spike. [Jiyva's grace]
 90674 | Pan      | Gained mutation: Your pliable body absorbs attacks. (AC +2,
                  | EV +2) [Jiyva's grace]
 90970 | Pan      | Found an exit through the horrors of the Abyss.
 91316 | Pan      | Noticed Ruplen the pandemonium lord
 91321 | Pan      | Killed Ruplen the pandemonium lord
 91433 | Depths:2 | Escaped Pandemonium
 91449 | Pan      | Entered the realm of Lom Lobon.
 91449 | Pan      | Entered Pandemonium
 92395 | Pan      | Reached skill level 15 in Necromancy
 92696 | Pan      | Lost mutation: One of your tentacles bears a large vicious
                  | spike. [Jiyva's grace]
 92696 | Pan      | Lost mutation: Your flesh is heat resistant. (rF+) [Jiyva's
                  | grace]
 92696 | Pan      | Lost mutation: Armour fits poorly on your massive
                  | pseudopods. [Jiyva's grace]
 92696 | Pan      | Lost mutation: You have a small jelly attached to you that
                  | senses nearby items. [Jiyva's grace]
 92696 | Pan      | Gained mutation: You have acidic saliva. [Jiyva's grace]
 92696 | Pan      | Gained mutation: You have a pair of small antennae on your
                  | head. [Jiyva's grace]
 92696 | Pan      | Gained mutation: You have a pair of antennae on your head.
                  | [Jiyva's grace]
 92696 | Pan      | Gained mutation: You have a pair of large antennae on your
                  | head. (SInv) [Jiyva's grace]
 92697 | Pan      | Noticed Lom Lobon
 92701 | Pan      | Killed Lom Lobon
 92742 | Pan      | Got a magical rune of Zot
 92995 | Pan      | Upgraded the game from 0.29-a0-961-gfab03dca74 to
                  | 0.29-a0-972-g43c84944fd
 93057 | Pan      | Noticed Koriff the pandemonium lord
 93063 | Pan      | Killed Koriff the pandemonium lord
 93938 | Pan      | Gained mutation: You have hidden genetic defects. [a
                  | cacodemon]
 94097 | Pan      | Lost mutation: You have a pair of large antennae on your
                  | head. (SInv) [Jiyva's grace]
 94097 | Pan      | Lost mutation: You possess an exceptional clarity of mind.
                  | [Jiyva's grace]
 94097 | Pan      | Lost mutation: You have acidic saliva. [Jiyva's grace]
 94097 | Pan      | Lost mutation: Armour fits poorly on your large pseudopods.
                  | [Jiyva's grace]
 94097 | Pan      | Lost mutation: Armour fits poorly on your pseudopods.
                  | [Jiyva's grace]
 94097 | Pan      | Gained mutation: You are covered in slimy tendrils that may
                  | disarm your opponents. [Jiyva's grace]
 94097 | Pan      | Gained mutation: Your flesh is cold resistant. (rC+)
                  | [Jiyva's grace]
 94097 | Pan      | Gained mutation: Your flesh is very cold resistant. (rC++)
                  | [Jiyva's grace]
 94097 | Pan      | Gained mutation: Your flesh is almost immune to the effects
                  | of cold. (rC+++) [Jiyva's grace]
 94600 | Pan      | Found an exit through the horrors of the Abyss.
 94902 | Pan      | Gained mutation: Your magical capacity is low. (-10% MP) [a
                  | neqoxec]
 94903 | Pan      | Gained mutation: Your magical capacity is very low. (-20%
                  | MP) [a neqoxec]
 94971 | Pan      | Gained mutation: You occasionally lose the ability to read
                  | scrolls when taking damage. [hidden defects]
 95114 | Pan      | Noticed Mecvej the pandemonium lord
 95119 | Pan      | Killed Mecvej the pandemonium lord
 95494 | Depths:2 | Escaped Pandemonium
 95501 | Pan      | Entered Pandemonium
 95573 | Pan      | Noticed Siosyget the pandemonium lord
 95581 | Pan      | Killed Siosyget the pandemonium lord
 95858 | Pan      | Lost mutation: You are agile. (Dex +4, Str/Int -1) [Jiyva's
                  | grace]
 95858 | Pan      | Lost mutation: Your flesh is almost immune to the effects
                  | of cold. (rC+++) [Jiyva's grace]
 95858 | Pan      | Lost mutation: Your magical capacity is very low. (-20% MP)
                  | [Jiyva's grace]
 95858 | Pan      | Lost mutation: You are covered in fur. (AC +1) [Jiyva's
                  | grace]
 95858 | Pan      | Lost mutation: Your pliable body absorbs attacks. (AC +2,
                  | EV +2) [Jiyva's grace]
 95858 | Pan      | Lost mutation: You have hidden genetic defects. [Jiyva's
                  | grace]
 95858 | Pan      | Gained mutation: Your system is resistant to poisons.
                  | (rPois) [Jiyva's grace]
 95858 | Pan      | Gained mutation: You have a small jelly attached to you
                  | that may absorb projectiles. [Jiyva's grace]
 95858 | Pan      | Gained mutation: You are completely covered in iridescent
                  | scales. (AC +6) [Jiyva's grace]
 95858 | Pan      | Gained mutation: You are robust. (+10% HP) [Jiyva's grace]
 96405 | Pan      | Noticed Wifevov the pandemonium lord
 96413 | Pan      | Killed Wifevov the pandemonium lord
 97261 | Pan      | Found an exit through the horrors of the Abyss.
 97601 | Pan      | Identified the +0 robe of Life {rN+}
 97707 | Pan      | Learned a level 9 spell: Death's Door
 97776 | Pan      | Noticed Narin the pandemonium lord
 97784 | Pan      | Killed Narin the pandemonium lord
 97799 | Pan      | Lost mutation: You have a pair of antennae on your head. [a
                  | cacodemon]
 97861 | Pan      | Lost mutation: Your magical capacity is low. (-10% MP)
                  | [Jiyva's grace]
 97861 | Pan      | Lost mutation: Your system is resistant to poisons. (rPois)
                  | [Jiyva's grace]
 97861 | Pan      | Lost mutation: You are robust. (+10% HP) [Jiyva's grace]
 97861 | Pan      | Lost mutation: You occasionally lose the ability to read
                  | scrolls when taking damage. [Jiyva's grace]
 97861 | Pan      | Gained mutation: Your melee attacks may engulf your foes in
                  | ooze. [Jiyva's grace]
 97861 | Pan      | Gained mutation: You have acidic saliva. [Jiyva's grace]
 97861 | Pan      | Gained mutation: Your muscles are strong. (Str +4, Int/Dex
                  | -1) [Jiyva's grace]
 97861 | Pan      | Gained mutation: Your muscles are very strong. (Str +8,
                  | Int/Dex -2) [Jiyva's grace]
 98169 | Pan      | Found an exit through the horrors of the Abyss.
 98469 | Pan      | Entered the realm of Mnoleg.
 98510 | Pan      | Gained mutation: You occasionally lose the ability to read
                  | scrolls when taking damage. [a cacodemon]
 98946 | Pan      | Noticed Mnoleg
 98989 | Pan      | Killed Mnoleg
 99115 | Pan      | Got a glowing rune of Zot
 99724 | Pan      | Entered the realm of Cerebov.
 99815 | Pan      | Lost mutation: Your muscles are very strong. (Str +8,
                  | Int/Dex -2) [Jiyva's grace]
 99815 | Pan      | Lost mutation: You occasionally lose the ability to read
                  | scrolls when taking damage. [Jiyva's grace]
 99815 | Pan      | Lost mutation: You expend magic power (3 MP) to strengthen
                  | your wands. [Jiyva's grace]
 99815 | Pan      | Lost mutation: Your melee attacks may engulf your foes in
                  | ooze. [Jiyva's grace]
 99815 | Pan      | Gained mutation: You are strong-willed. (Will+) [Jiyva's
                  | grace]
 99815 | Pan      | Gained mutation: You are highly strong-willed. (Will++)
                  | [Jiyva's grace]
 99815 | Pan      | Gained mutation: You are extremely strong-willed. (Will+++)
                  | [Jiyva's grace]
 99815 | Pan      | Gained mutation: You are somewhat resistant to further
                  | mutation. [Jiyva's grace]
 99879 | Pan      | Found an exit through the horrors of the Abyss.
100229 | Pan      | Identified the +9 mace of Truncation {vorpal, Str+3 Int+5
                  | Dex+2}
100276 | Pan      | Found the +6 sword of Cerebov {flame}
100276 | Pan      | Noticed Cerebov
100350 | Pan      | Killed Cerebov
100387 | Pan      | Identified the ring of Vifijuuh {rN+ Will- rCorr Str+5}
100408 | Pan      | Identified the amulet "Tocaxt" {Faith Rampage}
100411 | Pan      | Identified the +1 pair of gloves of the Little Devil {rElec
                  | Str+4}
100461 | Pan      | Identified the +1 chain mail of Vehumet's Whim {Harm rElec
                  | rN++ SInv}
100568 | Pan      | Identified the +5 chain mail "Aqiwifu" {Dex+5 Stlth-}
100608 | Pan      | Got a fiery rune of Zot
101203 | Pan      | Took an exit into the Abyss.
101203 | Abyss:4  | Escaped into the Abyss
101496 | Depths:2 | Escaped the Abyss
101501 | Depths:2 | Learned a level 1 spell: Apportation
101508 | Depths:2 | Learned a level 6 spell: Death Channel
101566 | Hell     | Entered the Vestibule of Hell
101566 | Hell     | Noticed Geryon
101595 | Hell     | Killed Geryon
101857 | Hell     | Found a gateway to the decaying netherworld of Tartarus.
102023 | Hell     | Found a gateway to the freezing wastes of Cocytus.
102098 | Hell     | Lost mutation: Your flesh is very cold resistant. (rC++)
                  | [Jiyva's grace]
102098 | Hell     | Lost mutation: You are extremely strong-willed. (Will+++)
                  | [Jiyva's grace]
102098 | Hell     | Lost mutation: You are somewhat resistant to further
                  | mutation. [Jiyva's grace]
102098 | Hell     | Lost mutation: Your muscles are strong. (Str +4, Int/Dex
                  | -1) [Jiyva's grace]
102098 | Hell     | Lost mutation: You have acidic saliva. [Jiyva's grace]
102098 | Hell     | Lost mutation: You are covered in slimy tendrils that may
                  | disarm your opponents. [Jiyva's grace]
102098 | Hell     | Lost mutation: You have a small jelly attached to you that
                  | may absorb projectiles. [Jiyva's grace]
102098 | Hell     | Gained mutation: You are extremely strong-willed. (Will+++)
                  | [Jiyva's grace]
102098 | Hell     | Gained mutation: You expend magic power (3 MP) to
                  | strengthen your wands. [Jiyva's grace]
102098 | Hell     | Gained mutation: Your body has grown eyes which may confuse
                  | attackers. (Acc +3) [Jiyva's grace]
102098 | Hell     | Gained mutation: Your body has grown many eyes which may
                  | confuse attackers. (Acc +5) [Jiyva's grace]
102144 | Hell     | Found a gateway to the Iron City of Dis.
102223 | Hell     | Found a gateway to the ashen valley of Gehenna.
102520 | Tar:1    | Entered Level 1 of Tartarus
102935 | Tar:3    | You are sucked into a shaft and drop 3 floors!
103039 | Tar:7    | Entered Level 7 of Tartarus
103168 | Tar:7    | Identified the +10 glaive of the Queen {elec, *Rage rN++
                  | Dex+2}
103501 | Tar:7    | Found the +5 sword of Power {vorpal}
103520 | Tar:7    | Identified the ring of Woqu {Ice Int+7 Dex-5}
103586 | Tar:7    | Lost mutation: You have a pair of small antennae on your
                  | head. [Jiyva's grace]
103586 | Tar:7    | Lost mutation: You are completely covered in iridescent
                  | scales. (AC +6) [Jiyva's grace]
103586 | Tar:7    | Lost mutation: You are extremely strong-willed. (Will+++)
                  | [Jiyva's grace]
103586 | Tar:7    | Lost mutation: Your body has grown many eyes which may
                  | confuse attackers. (Acc +5) [Jiyva's grace]
103586 | Tar:7    | Gained mutation: Your melee attacks may engulf your foes in
                  | ooze. [Jiyva's grace]
103586 | Tar:7    | Gained mutation: Armour fits poorly on your pseudopods.
                  | [Jiyva's grace]
103586 | Tar:7    | Gained mutation: Armour fits poorly on your large
                  | pseudopods. [Jiyva's grace]
103586 | Tar:7    | Gained mutation: Armour fits poorly on your massive
                  | pseudopods. [Jiyva's grace]
103626 | Tar:7    | Found the amulet of the Air {Inacc Air Fly rElec RMsl}
103633 | Tar:7    | Identified the ring of the Loving Messenger {Fly rN+ Str+3
                  | Dex+2}
103646 | Tar:7    | Identified the +5 broad axe "Lahidag" {freeze, rElec Str+3
                  | Int-5 Dex+3}
103810 | Tar:7    | Noticed an ancient lich
103815 | Tar:7    | Killed an ancient lich
103817 | Tar:7    | Noticed the Serpent of Hell
103822 | Tar:7    | Killed the Serpent of Hell
103877 | Tar:7    | Noticed a dread lich
103881 | Tar:7    | Killed a dread lich
104007 | Tar:7    | Noticed Ereshkigal
104008 | Tar:7    | Paralysed by Ereshkigal for 5 turns
104020 | Tar:7    | Paralysed by Ereshkigal for 4 turns
104038 | Tar:7    | Killed Ereshkigal
104065 | Tar:7    | Got a bone rune of Zot
104148 | Tar:7    | Noticed a dread lich
104152 | Tar:7    | Killed a dread lich
104362 | Geh:1    | Entered Level 1 of Gehenna
104516 | Geh:4    | You are sucked into a shaft and drop 1 floor!
104767 | Geh:7    | Entered Level 7 of Gehenna
105327 | Geh:7    | Lost mutation: Armour fits poorly on your massive
                  | pseudopods. [Jiyva's grace]
105327 | Geh:7    | Lost mutation: Armour fits poorly on your large pseudopods.
                  | [Jiyva's grace]
105327 | Geh:7    | Lost mutation: You expend magic power (3 MP) to strengthen
                  | your wands. [Jiyva's grace]
105327 | Geh:7    | Lost mutation: Your melee attacks may engulf your foes in
                  | ooze. [Jiyva's grace]
105327 | Geh:7    | Gained mutation: Your body has grown many eyes which may
                  | confuse attackers. (Acc +5) [Jiyva's grace]
105327 | Geh:7    | Gained mutation: Your body is covered in eyes which may
                  | confuse attackers. (Acc +7, SInv) [Jiyva's grace]
105327 | Geh:7    | Gained mutation: You have acidic saliva. [Jiyva's grace]
105327 | Geh:7    | Gained mutation: You are covered in slimy tendrils that may
                  | disarm your opponents. [Jiyva's grace]
105599 | Geh:7    | Found the +7 sceptre of Asmodeus
105599 | Geh:7    | Noticed Asmodeus
105603 | Geh:7    | Got an obsidian rune of Zot
105608 | Geh:7    | Killed Asmodeus
105614 | Geh:7    | Got the Octavo of Incandescence and Black Deeds
105621 | Geh:7    | Identified the +5 scale mail of Glamorous Surprise {Fly
                  | Int+3 SInv Stlth-}
105692 | Geh:7    | Identified the +9 plate armour of the Dice {rPois rN+
                  | Int+2}
106035 | Dis:1    | Entered Level 1 of the Iron City of Dis
106979 | Dis:7    | Entered Level 7 of the Iron City of Dis
107345 | Dis:7    | Noticed a juggernaut
107347 | Dis:7    | Killed a juggernaut
107434 | Dis:7    | Identified the +2 scimitar "Nouneutod" {drain, rPois rN+++
                  | Dex+8 Stlth-}
107445 | Dis:7    | Identified the +6 glaive "Toituin" {vorpal, rC+ Str+3}
108030 | Dis:7    | Lost mutation: You are mostly covered in iridescent scales.
                  | (AC +4) [Jiyva's grace]
108030 | Dis:7    | Gained mutation: You are mostly covered in iridescent
                  | scales. (AC +4) [Jiyva's grace]
108030 | Dis:7    | Gained mutation: You are completely covered in iridescent
                  | scales. (AC +6) [Jiyva's grace]
108030 | Dis:7    | Gained mutation: You have a small jelly attached to you
                  | that senses nearby items. [Jiyva's grace]
108030 | Dis:7    | Gained mutation: A frigid envelope surrounds you and
                  | freezes all who hurt you. [Jiyva's grace]
108502 | Dis:7    | Found the +4 staff of Dispater
108502 | Dis:7    | Noticed Dispater
108512 | Dis:7    | Killed Dispater
108517 | Dis:7    | Noticed a juggernaut
108520 | Dis:7    | Killed a juggernaut
108585 | Dis:7    | Got an iron rune of Zot
108586 | Dis:7    | Identified the ring of Meonno {rPois rF+}
108592 | Dis:7    | Identified the +0 pair of gloves of the Original Sin {rPois
                  | rF+ Dex-5}
109187 | Zig:1    | Entered Level 1 of a ziggurat
109214 | Zig:2    | Entered Level 2 of a ziggurat
109248 | Zig:3    | Entered Level 3 of a ziggurat
109265 | Zig:3    | Identified the +1 ring mail of Disguise {rF+ Will+ Slay+2}
109285 | Zig:4    | Entered Level 4 of a ziggurat
109298 | Zig:4    | Identified the +8 giant spiked club "Ugihizew" {flame,
                  | rElec Will+}
109309 | Zig:5    | Entered Level 5 of a ziggurat
109378 | Zig:6    | Entered Level 6 of a ziggurat
109390 | Zig:6    | Found the +2 Maxwell's thermic engine {flame, freeze}
109398 | Zig:6    | Identified the +2 quarterstaff "Weev" {holy, rPois Int+2}
109437 | Zig:7    | Entered Level 7 of a ziggurat
109441 | Zig:7    | Noticed Wungokoynk the pandemonium lord
109445 | Zig:7    | Killed Wungokoynk the pandemonium lord
109493 | Zig:7    | Identified the ring "Huol" {rC- rN++ Will+ Str+2 SInv}
109505 | Zig:8    | Entered Level 8 of a ziggurat
109561 | Zig:8    | Identified the +3 falchion of the Eternal Void {freeze,
                  | rN+}
109594 | Zig:9    | Entered Level 9 of a ziggurat
109603 | Zig:9    | Noticed an ancient lich
109607 | Zig:9    | Killed an ancient lich
109653 | Zig:10   | Entered Level 10 of a ziggurat
109680 | Zig:10   | Identified the +9 sling "Utuvezen" {freeze, rPois rF- Str+2
                  | Int+4}
109681 | Zig:10   | Identified the +4 falchion of the Toadstool {flame, +Blink
                  | Str-4 SInv}
109692 | Zig:10   | Identified the ring of Wexkuibi {rC+ Dex+4}
109697 | Zig:10   | Identified the +2 short sword "Osuinkur" {drain, rF+}
109743 | Zig:11   | Entered Level 11 of a ziggurat
109773 | Zig:11   | Identified the ring "Norhoiha" {Fire rN+}
109834 | Zig:12   | Entered Level 12 of a ziggurat
109888 | Zig:13   | Entered Level 13 of a ziggurat
109915 | Zig:13   | Found the +0 staff of Battle
110002 | Zig:14   | Entered Level 14 of a ziggurat
110017 | Zig:14   | Noticed Xarar the pandemonium lord
110023 | Zig:14   | Killed Xarar the pandemonium lord
110042 | Zig:14   | Identified the amulet of Stoicism {Faith rCorr}
110059 | Zig:14   | Identified the +1 robe of Precision Catastrophes {Harm rC+
                  | Slay+3}
110067 | Zig:14   | Identified the +6 double sword "Adghede" {antimagic, rF+
                  | Dex+4}
110086 | Zig:14   | Acquired the Vellum of Grim Bewitchment
110096 | Zig:15   | Entered Level 15 of a ziggurat
110140 | Zig:15   | Found the ring of the Mage {Wiz Archmagi}
110203 | Zig:16   | Entered Level 16 of a ziggurat
110316 | Zig:17   | Entered Level 17 of a ziggurat
110368 | Zig:17   | Identified the ring of Bienteme {rCorr Stlth+}
110442 | Zig:18   | Entered Level 18 of a ziggurat
110448 | Zig:18   | Lost mutation: One of your tentacles bears a nasty spike.
                  | [Jiyva's grace]
110448 | Zig:18   | Lost mutation: A frigid envelope surrounds you and freezes
                  | all who hurt you. [Jiyva's grace]
110448 | Zig:18   | Lost mutation: You have acidic saliva. [Jiyva's grace]
110448 | Zig:18   | Lost mutation: You are covered in slimy tendrils that may
                  | disarm your opponents. [Jiyva's grace]
110448 | Zig:18   | Gained mutation: You have a pair of small antennae on your
                  | head. [Jiyva's grace]
110448 | Zig:18   | Gained mutation: You have a pair of antennae on your head.
                  | [Jiyva's grace]
110448 | Zig:18   | Gained mutation: You have a pair of large antennae on your
                  | head. (SInv) [Jiyva's grace]
110448 | Zig:18   | Gained mutation: Your flesh is very cold resistant. (rC++)
                  | [Jiyva's grace]
110489 | Zig:18   | Identified the ring "Lukk" {rF+++ rC- rN+++ AC+4 Dex-3}
110493 | Zig:18   | Identified the +3 rapier of the Unliving {vorpal, rC+ Str+4
                  | Int+4}
110500 | Zig:18   | Got the Directory of Monotheism
110543 | Zig:19   | Entered Level 19 of a ziggurat
110555 | Zig:19   | Noticed Kazifec the pandemonium lord
110555 | Zig:19   | Noticed Hahuode the pandemonium lord
110556 | Zig:19   | Killed Kazifec the pandemonium lord
110558 | Zig:19   | Killed Hahuode the pandemonium lord
110558 | Zig:19   | Noticed Meebo the pandemonium lord
110560 | Zig:19   | Noticed Cazisor the pandemonium lord
110562 | Zig:19   | Killed Meebo the pandemonium lord
110563 | Zig:19   | Noticed Nadade Maicw the pandemonium lord
110563 | Zig:19   | Noticed Kuseus the pandemonium lord
110564 | Zig:19   | Killed Cazisor the pandemonium lord
110564 | Zig:19   | Noticed Qaess the pandemonium lord
110567 | Zig:19   | Killed Nadade Maicw the pandemonium lord
110568 | Zig:19   | Killed Kuseus the pandemonium lord
110568 | Zig:19   | Killed Qaess the pandemonium lord
110569 | Zig:19   | Noticed Tijiehaut the pandemonium lord
110583 | Zig:19   | Noticed Lafotz the pandemonium lord
110584 | Zig:19   | Killed Tijiehaut the pandemonium lord
110597 | Zig:19   | Killed Lafotz the pandemonium lord
110622 | Zig:19   | Identified the +7 short sword of Goawum {vorpal, Dex+5}
110626 | Zig:19   | Identified the ring "Ofuxy" {rN++ rCorr}
110659 | Zig:19   | Identified the +5 arbalest of Xalopem {penet, rF+ rC+ Int-4
                  | Dex+3}
110692 | Zig:20   | Entered Level 20 of a ziggurat
110709 | Zig:20   | Noticed a dread lich
110711 | Zig:20   | Killed a dread lich
110712 | Zig:20   | Noticed an ancient lich
110714 | Zig:20   | Killed an ancient lich
110716 | Zig:20   | Noticed an ancient lich
110717 | Zig:20   | Killed an ancient lich
110723 | Zig:20   | Noticed an ancient lich
110727 | Zig:20   | Killed an ancient lich
110727 | Zig:20   | Noticed a dread lich
110732 | Zig:20   | Killed a dread lich
110749 | Zig:20   | Identified the ring of the Growing Queen {Will+ Str+4
                  | Stlth+}
110765 | Zig:20   | Identified the +8 morningstar "Gicrygg" {freeze, Fly rF-
                  | Str-3 Stlth+}
110766 | Zig:20   | Identified the +0 cloak of Dramatic Exits {MP+9}
110768 | Zig:20   | Identified the +9 quarterstaff of the Gnat {vorpal, rC++
                  | Str-5 Dex+6}
110846 | Zig:21   | Entered Level 21 of a ziggurat
110859 | Zig:21   | Noticed a royal mummy
110859 | Zig:21   | Noticed a royal mummy
110861 | Zig:21   | Noticed a royal mummy
110861 | Zig:21   | Noticed a royal mummy
110861 | Zig:21   | Noticed a royal mummy
110863 | Zig:21   | Noticed a royal mummy
110864 | Zig:21   | Killed a royal mummy
110867 | Zig:21   | Killed a royal mummy
110868 | Zig:21   | Noticed a royal mummy
110868 | Zig:21   | Noticed a royal mummy
110870 | Zig:21   | Noticed a royal mummy
110873 | Zig:21   | Killed a royal mummy
110874 | Zig:21   | Killed a royal mummy
110878 | Zig:21   | Killed a royal mummy
110879 | Zig:21   | Killed a royal mummy
110880 | Zig:21   | Killed a royal mummy
110880 | Zig:21   | Killed a royal mummy
110886 | Zig:21   | Killed a royal mummy
110903 | Zig:21   | Identified the ring of Ziqic {Fire +Blink rElec}
110920 | Zig:21   | Got the Lessons on Permutations and Attacks
110931 | Zig:21   | Identified the +5 flail "Hain" {vorpal, rElec}
110940 | Zig:21   | Identified the +2 robe "Weam Esch" {rPois Int+2 Dex+4}
110942 | Zig:21   | Identified the +1 leather armour of Noughts and Crosses
                  | {rElec Str+4 Dex+3}
111056 | Zig:21   | Acquired the ring of Nieph {+Blink rF+ Str+4 Int+2 Dex-4}
111057 | Zig:21   | Acquired the +3 buckler of Ibok {rC+ Int+4}
111087 | Zig:21   | Learned a level 8 spell: Summon Horrible Things
111094 | Zig:22   | Entered Level 22 of a ziggurat
111120 | Zig:22   | Noticed an ancient lich
111122 | Zig:22   | Noticed a dread lich
111122 | Zig:22   | Noticed an ancient lich
111123 | Zig:22   | Noticed an ancient lich
111124 | Zig:22   | Killed an ancient lich
111125 | Zig:22   | Reached skill level 27 in Dodging
111133 | Zig:22   | Killed an ancient lich
111136 | Zig:22   | Killed an ancient lich
111145 | Zig:22   | Killed a dread lich
111164 | Zig:22   | Found the +9 staff of Wucad Mu {*channel}
111180 | Zig:22   | Identified the amulet "Emoas" {Faith Fly rF+ Stlth+}
111184 | Zig:22   | Identified the +9 broad axe of Symmetry {flame, rN+ Stlth+}
111187 | Zig:22   | Identified the +8 sling of Daqem {flame, Drain rElec rPois
                  | SInv}
111204 | Zig:22   | Identified the +7 whip of Seetse Ewk {holy, Contam rC+ rN+
                  | Str+2}
111234 | Zig:23   | Entered Level 23 of a ziggurat
111295 | Zig:23   | Reached skill level 27 in Spellcasting
111385 | Zig:23   | Identified the +6 spear of Quick Conscience {flame, rC+
                  | rCorr Stlth-}
111388 | Zig:23   | Identified the +0 morningstar "Daxas" {flame, rCorr Int-5
                  | Dex+4}
111401 | Zig:24   | Entered Level 24 of a ziggurat
111489 | Zig:24   | Paralysed by accursed screaming for 2 turns
111498 | Zig:24   | Paralysed by accursed screaming for 2 turns
111658 | Zig:24   | Found the +10 dark maul {vorpal}
111663 | Zig:24   | Identified the ring "Kewec" {*Slow rCorr Int+6 Slay+5 SInv
                  | Stlth-}
111664 | Zig:24   | Identified the +2 war axe of the Aged Hosts {elec, rElec
                  | rF- rCorr Stlth-}
111675 | Zig:24   | Identified the ring "Keatseess" {+Blink rC+ Str+7 Int-2}
111698 | Zig:24   | Identified the +5 flail "Bimis" {vorpal, rElec Int+3 Dex-5
                  | Stlth+}
111752 | Zig:25   | Entered Level 25 of a ziggurat
111776 | Zig:25   | Noticed an orb of fire
111780 | Zig:25   | Reached skill level 27 in Fighting
111781 | Zig:25   | Killed an orb of fire
111781 | Zig:25   | Noticed an orb of fire
111784 | Zig:25   | Killed an orb of fire
111785 | Zig:25   | Noticed an orb of fire
111785 | Zig:25   | Noticed an orb of fire
111787 | Zig:25   | Gained mutation: You occasionally lose the ability to read
                  | scrolls when taking damage. [an orb of fire]
111790 | Zig:25   | Killed an orb of fire
111792 | Zig:25   | Noticed an orb of fire
111792 | Zig:25   | Noticed an orb of fire
111792 | Zig:25   | Noticed an orb of fire
111793 | Zig:25   | Gained mutation: You are frail. (-10% HP) [an orb of fire]
111794 | Zig:25   | Gained mutation: Your body sometimes deteriorates upon
                  | taking damage. [an orb of fire]
111798 | Zig:25   | Killed an orb of fire
111811 | Zig:25   | Killed an orb of fire
111813 | Zig:25   | Killed an orb of fire
111818 | Zig:25   | Killed an orb of fire
111848 | Zig:25   | Found the +7 Spriggan's Knife {stab, EV+4 Stlth+}
111854 | Zig:25   | Identified the ring "Geihiurch" {rCorr Str+4}
111858 | Zig:25   | Identified the +1 trident of Ustrun {protect, Dex+2}
111880 | Zig:25   | Identified the +10 hand axe of Femodayco {protect, Fragile
                  | rF+ rCorr}
111902 | Zig:26   | Entered Level 26 of a ziggurat
111902 | Zig:26   | Lost mutation: You are completely covered in iridescent
                  | scales. (AC +6) [Jiyva's grace]
111902 | Zig:26   | Lost mutation: You are mostly covered in iridescent scales.
                  | (AC +4) [Jiyva's grace]
111902 | Zig:26   | Lost mutation: You are frail. (-10% HP) [Jiyva's grace]
111902 | Zig:26   | Lost mutation: You are highly strong-willed. (Will++)
                  | [Jiyva's grace]
111902 | Zig:26   | Lost mutation: Your body is covered in eyes which may
                  | confuse attackers. (Acc +7, SInv) [Jiyva's grace]
111902 | Zig:26   | Lost mutation: You have a small jelly attached to you that
                  | senses nearby items. [Jiyva's grace]
111902 | Zig:26   | Lost mutation: You occasionally lose the ability to read
                  | scrolls when taking damage. [Jiyva's grace]
111902 | Zig:26   | Gained mutation: Your body is covered in eyes which may
                  | confuse attackers. (Acc +7, SInv) [Jiyva's grace]
111902 | Zig:26   | Gained mutation: Your pliable body absorbs attacks. (AC +2,
                  | EV +2) [Jiyva's grace]
111902 | Zig:26   | Gained mutation: Your gelatinous body deflects attacks. (AC
                  | +3, EV +3) [Jiyva's grace]
111902 | Zig:26   | Gained mutation: Your muscles are strong. (Str +4, Int/Dex
                  | -1) [Jiyva's grace]
111996 | Zig:26   | Reached skill level 27 in Unarmed Combat
112058 | Zig:26   | Reached skill level 5 in Evocations
112059 | Zig:26   | Identified the +5 ring mail "Lelaaz" {rElec Str+6 SInv}
112062 | Zig:26   | Identified the +5 whip "Ceiblussaro" {vamp, rF+ Str-3 Int+2
                  | SInv}
112088 | Zig:26   | Identified the +2 helmet "Punkowk" {Rampage}
112131 | Zig:27   | Entered Level 27 of a ziggurat
112187 | Zig:27   | Reached skill level 5 in Stealth
112208 | Zig:27   | Found the +8 frozen axe "Frostbite" {freezing cloud, *Noise
                  | Fly rC+}
112237 | Zig:27   | Identified the amulet of Sipaluwk {Fragile rElec rC++
                  | Regen+ SInv}
112242 | Zig:27   | Got the Parchment of Shapeshifting and Bewitchment
112255 | Zig:27   | Identified the +5 shortbow "Ultimatum" {speed, rC++ rCorr
                  | Dex-5 Stlth+}
112256 | Zig:27   | Identified the +9 longbow of Untruth {flame, Drain Int+10}
112260 | Zig:27   | Identified the +10 arbalest of Indomitability {penet,
                  | Str+5}
112297 | Zig:27   | Identified the +10 long sword "Anoploduy" {flame, rPois
                  | Str+4 Int-3}
112298 | Zig:27   | Identified the +11 quarterstaff of the Valley of Death
                  | {vorpal, rPois rF- rCorr Stlth+}
112439 | Coc:1    | Entered Level 1 of Cocytus
112633 | Coc:3    | Reached skill level 10 in Stealth
112758 | Coc:7    | Entered Level 7 of Cocytus
113492 | Coc:7    | Reached skill level 27 in Air Magic
113492 | Coc:7    | Reached skill level 15 in Evocations
113980 | Coc:7    | Noticed Antaeus
113989 | Coc:7    | Killed Antaeus
113990 | Coc:7    | Reached skill level 15 in Stealth
114034 | Coc:7    | Identified the +10 morningstar "Yrunulal" {vorpal, rElec
                  | rC- Int+6}
114063 | Coc:7    | Got an icy rune of Zot
114064 | Coc:7    | Identified the +8 broad axe "Ruopev" {freeze, Str+2}
114746 | Tomb:1   | Reached skill level 27 in Transmutations
114799 | Tomb:1   | Learned a level 7 spell: Enfeeble
114809 | Tomb:1   | Learned a level 8 spell: Borgnjor's Revivification
114861 | Tomb:1   | Noticed a royal mummy
114863 | Tomb:1   | Killed a royal mummy
115054 | Tomb:2   | Noticed a royal mummy
115056 | Tomb:2   | Killed a royal mummy
115074 | Tomb:2   | Noticed a royal mummy
115075 | Tomb:2   | Killed a royal mummy
115091 | Tomb:2   | Noticed a royal mummy
115159 | Tomb:2   | Noticed a royal mummy
115164 | Tomb:2   | Killed a royal mummy
115167 | Tomb:2   | Killed a royal mummy
115270 | Tomb:1   | Noticed a royal mummy
115274 | Tomb:1   | Killed a royal mummy
115274 | Tomb:1   | Noticed a royal mummy
115278 | Tomb:1   | Killed a royal mummy
115279 | Tomb:1   | Noticed a royal mummy
115281 | Tomb:1   | Killed a royal mummy
115284 | Tomb:1   | Noticed a royal mummy
115287 | Tomb:1   | Killed a royal mummy
115288 | Tomb:1   | Noticed a royal mummy
115290 | Tomb:1   | Killed a royal mummy
115386 | Tomb:1   | Noticed a royal mummy
115389 | Tomb:1   | Killed a royal mummy
115393 | Tomb:1   | Noticed a royal mummy
115393 | Tomb:1   | Noticed a royal mummy
115394 | Tomb:1   | Noticed a royal mummy
115400 | Tomb:1   | Killed a royal mummy
115401 | Tomb:1   | Killed a royal mummy
115402 | Tomb:1   | Killed a royal mummy
115463 | Tomb:1   | Noticed a royal mummy
115466 | Tomb:1   | Killed a royal mummy
115490 | Tomb:1   | Noticed a royal mummy
115493 | Tomb:1   | Killed a royal mummy
115501 | Tomb:1   | Noticed a royal mummy
115505 | Tomb:1   | Killed a royal mummy
115531 | Tomb:1   | Noticed a royal mummy
115531 | Tomb:1   | Noticed a royal mummy
115535 | Tomb:1   | Killed a royal mummy
115536 | Tomb:1   | Killed a royal mummy
115576 | Tomb:1   | Noticed a royal mummy
115580 | Tomb:1   | Killed a royal mummy
115583 | Tomb:1   | Identified the ring "Lyeh Okhou" {Contam rElec AC+4 Stlth+}
115583 | Tomb:1   | Noticed a royal mummy
115587 | Tomb:1   | Killed a royal mummy
115619 | Tomb:1   | Noticed a royal mummy
115623 | Tomb:1   | Killed a royal mummy
115627 | Tomb:1   | Noticed a royal mummy
115630 | Tomb:1   | Killed a royal mummy
115675 | Tomb:1   | Noticed a royal mummy
115677 | Tomb:1   | Killed a royal mummy
115777 | Tomb:3   | Entered Level 3 of the Tomb of the Ancients
115787 | Tomb:3   | Noticed a royal mummy
115789 | Tomb:3   | Noticed a royal mummy
115808 | Tomb:3   | Killed a royal mummy
115810 | Tomb:3   | Killed a royal mummy
115835 | Tomb:3   | Noticed a royal mummy
115839 | Tomb:3   | Killed a royal mummy
115886 | Tomb:3   | Identified the amulet "Unego" {Acrobat -Cast Dex+8}
115916 | Tomb:3   | Identified the +0 chain mail of the Iron Devil {rN++ Dex+4}
115967 | Tomb:3   | Noticed a royal mummy
115970 | Tomb:3   | Killed a royal mummy
116004 | Tomb:3   | Identified the +8 hand axe of Viusavesh {chaos, Drain Int+4
                  | Dex+2}
116104 | Tomb:3   | Identified the +8 spear of the Revolution {freeze, Fly rC-
                  | Int+4}
116183 | Tomb:3   | Noticed a royal mummy
116186 | Tomb:3   | Killed a royal mummy
116267 | Tomb:3   | Noticed a royal mummy
116271 | Tomb:3   | Killed a royal mummy
116317 | Tomb:3   | Noticed Khufu
116321 | Tomb:3   | Killed Khufu
116364 | Tomb:3   | Got a golden rune of Zot
116423 | Tomb:3   | Noticed a royal mummy
116426 | Tomb:3   | Killed a royal mummy
116435 | Tomb:3   | Noticed a royal mummy
116440 | Tomb:3   | Killed a royal mummy
116491 | Tomb:3   | Identified the +2 robe "Uqacaatz" {Str+5}
116508 | Tomb:3   | Identified the +1 acid dragon scales of the Arena {Will+
                  | Regen+ rCorr}
117307 | Zot:5    | Got the Orb of Zot
118066 | D:$      | Escaped with the Orb!

Illustrated notes

Levels and vault maps discovered:
D:1:      matt_arrival_refuge, layout_loops_corners, minmay_misc_feat_x
D:2:      layout_loops_ring, basic_ecumenical_altar, uniq_crazy_yiuf_cottage
D:3:      layout_basic, kennysheep_vampire_church
D:4:      layout_basic, elyvilon_altar_1, nicolae_sif_muna_condensation,
          minmay_misc_feat_nine_boxes
D:5:      layout_basic, nicolae_overflow_hidden_temple,
          cheibrodos_sewer_entry_drain, uniq_grinder, uniq_eustachio
D:6:      layout_loops_ring, nicolae_uskayaw_dance_studio,
          chequers_temple_overflow_minitemple, mainiacjoe_overflow_paths,
          serial_glass, glass_columns_a, glass_columns_a, glass_columns_b,
          hangedman_decor_lopped
D:7:      layout_loops_ring, general_overflow_altar, minmay_temple_entry_mist,
          kennysheep_generic_room_10
D:8:      layout_basic, nzn_hepliaklqana_mist_gate, serial_shops,
          shop_fountains, nicolae_ossuary_entry_ruins
D:9:      layout_stronghold
D:10:     layout_roguey, mainiacjoe_overflow_catwalk,
          due_lair_maze_entry_diamond, st_stairs_3, uniq_joseph
D:11:     layout_loops_corners, muffindrake_ghost_dual_entry, serial_shops,
          kennysheep_mini_moat
D:12:     kennysheep_kobold_lugonu_temple, layout_rooms,
          minmay_orc_entry_temple_small, serial_co_window_serial,
          co_window_corner_a, co_window_paths_a, co_window_corner_a,
          co_window_paths_b, co_window_of_opportunity_a, co_window_broadway_b,
          co_window_broadway_c, co_window_unsneaky_path_a, co_window_broadway_a,
          co_window_cross_2, co_window_2corner
D:13:     layout_roguey, david_vaults_2
D:14:     layout_cave_pods, minmay_crystal_water, portal_ice_cave_entry_dragon,
          nicolae_gozag_cash_rules_everything_around_me
D:15:     gammafunk_depths_entry_grave, layout_basic, nrook_mini_vaults,
          minivault_12, uniq_agnes, uniq_azrael, uniq_kirke
Temple:   hellmonk_temple_beads
Lair:1:   layout_hall_layers
Lair:2:   layout_long_grid, elwin_shoals_entry_stream, dummy_snake_entry,
          grunt_forest_large_clearings
Lair:3:   layout_roguey, grunt_megastairs_3, lemuel_fruit_fields
Lair:4:   layout_cave_shapes, slime_entry_1, chequers_serial_rivers_micro_c,
          grunt_megastairs_2
Lair:5:   evil_forest, layout_gridlike, serial_bayou_shore_a, lemuel_fruit_tree,
          serial_bayou_shore_b, serial_bayou_shore_b
Shoals:1: cheibrodos_shoals_epimethial_gifts, layout_shoals,
          hangedman_shoals_cup_caves
Shoals:2: layout_shoals
Shoals:3: layout_shoals, uniq_mara
Shoals:4: shoals_end_grunt_ice, layout_shoals, shoal_ilsuiw,
          nicolae_shoals_pincushion_passage
Snake:1:  layout_onion_interference, basic_altar, serial_bayou_shore_b
Snake:2:  layout_grid_shapes, serial_shops, nicolae_shop_statue_plus,
          nicolae_snake_slithery_hallway, uniq_frances, uniq_vashnia,
          uniq_saint_roka
Snake:3:  gammafunk_sealed_library, layout_basic, minmay_shoptagon,
          uniq_bai_suzhen, uniq_donald
Snake:4:  hellmonk_snake_rune_quicksilver_temple, layout_cave_town
Slime:1:  layout_caves
Slime:2:  layout_caves
Slime:3:  layout_caves
Slime:4:  layout_caves, dissolution_awaits
Slime:5
Orc:1:    nicolae_orc_accident_3, layout_caves, serial_shops, shop_coins,
          basic_altar, kennysheep_orc_chapel, uniq_maurice, uniq_josephine
Orc:2:    st_orc_congregation, layout_caves, serial_shops, nicolae_shop_crystal
Elf:1:    layout_geoelf_diagonals, minmay_elf_sorcery
Elf:2:    nicolae_elf_blades_crystal_corner, layout_loops_corners,
          gammafunk_ghost_wrathful_warriors, moated_statue
Elf:3:    elf_hall_gauntlet_narrow, layout_loops_corners, serial_shops,
          shop_statue
Vaults:1: vaults_standard_mumra_x, vaults_dpeg_cross, hangedman_vaults_corner,
          nicolae_vaults_yaktaur_gun_rack, sword_in_stone, vaults_mumra_hexcomb,
          v_alt_pattern_5, vaults_room_large_hall, hangedman_vaults_trim,
          layout_vaults_omnigrid, serial_shops, nicolae_shop_hallway_stairs,
          uniq_asterion
Vaults:2: nicolae_vaults_network_s, nicolae_vaults_rhombus_5, v_misc_22,
          vaults_mumra_chevron_long, vaults_dpeg_diagonal,
          ontoclasm_vaults_shuriken, hangedman_vaults_stream,
          special_room_vaults [special_room_orc], ontoclasm_vaults_ring_square,
          ontoclasm_vaults_twist, hangedman_vaults_trim, layout_vaults_ring,
          uniq_aizul
Vaults:3: st_octagons_2, hangedman_vaults_cutoff,
          nicolae_vaults_inception_scallops, v_misc_22,
          vaults_room_stairs_pillars, minmay_crypt_entry_simple_plaza,
          v_misc_23, v_pattern_1, ontoclasm_vaults_spin, v_misc_3,
          ontoclasm_vaults_ligature, ontoclasm_vaults_gateway, v_misc_10,
          layout_vaults_maze
Vaults:4: hangedman_vaults_hat, nicolae_vaults_mini_display_case,
          vaults_dpeg_ring, nicolae_vaults_little_squares_3,
          vaults_room_grunt_arrival_ludios, nicolae_vaults_c_with_doors,
          v_pattern_3, nicolae_vaults_circle_grid_b,
          nicolae_vaults_little_squares_5, v_misc_4, hangedman_vaults_snaps,
          vaults_room_semicircle, layout_vaults_chaotic_city
Vaults:5: serial_shops
Crypt:1:  layout_regular_city, lightli_enter_wizlab_magi_temple,
          grunt_crypt_arrival_guarded_gate, lemuel_upstairs_altar
Crypt:2:  layout_regular_city, nicolae_crypt_cryptocurrency
Crypt:3:  cryptofortress_bobbens
Tomb:1
Tomb:2
Tomb:3:   uniq_khufu
Depths:1: layout_gridville, enter_ziggurat_f, grunt_mini_vestibule,
          minivault_22, roderic_lattice_a, statue_in_the_mist_lemuel,
          minivault_22, kennysheep_generic_room_11, uniq_nikola
Depths:2: minmay_crescents, layout_gridlike, pan_entry, hangedman_geh_valley,
          abyss_entry, serial_corexii_hall, corexii_hall_statues_x,
          corexii_hall_statues_t, nicolae_transmutations_shop
Depths:3: minmay_the_grid_triangle_9x9_recursive_3_mashed
          [minmay_the_grid_triangle_9x9_alien,
          minmay_the_grid_triangle_9x9_empty,
          minmay_the_grid_triangle_9x9_swiss_cheese,
          minmay_the_grid_triangle_9x9_prize_schism,
          minmay_the_grid_triangle_9x9_descending_squares,
          minmay_the_grid_triangle_9x9_thin_v,
          minmay_the_grid_triangle_9x9_subtriangle,
          minmay_the_grid_triangle_9x9_sprig,
          minmay_the_grid_triangle_9x9_odd_lines], layout_gridlike,
          serial_shops, shop, minmay_room_of_horrors, small_statue_intersection,
          pf_hell_entry_tar_river, infiniplex_staircase_pool_1, uniq_sojobo
Depths:4: grunt_zot_entry_funnels, layout_honeycomb, hellmouth_3,
          chequers_serial_rivers_room_b, serial_bayou_shore_b
Hell
Dis:1:    layout_gridville
Dis:2:    layout_overlapping_boxes, evilmike_ambush
          [evilmike_ambush_outer_basic, evilmike_ambush_inner_basic]
Dis:3:    layout_jigsaw, nicolae_dis_metal_dragon_surprise
Dis:4:    layout_jigsaw, nicolae_hells_hurtin_island
Dis:5:    layout_regular_city
Dis:6:    layout_jigsaw
Dis:7:    dis_st
Geh:1:    layout_gehenna_pools_box
Geh:2:    layout_gehenna_lava_caves
Geh:3:    layout_gehenna_pools_box
Geh:4:    nicolae_hells_giants_party, layout_gehenna_pools_basic
Geh:5:    layout_gehenna_lava_caves, nicolae_geh_single_fiery_grave
Geh:6:    layout_gehenna_lava_caves
Geh:7:    geh_grunt_pentagon
Coc:1:    layout_ice_bergs
Coc:2:    layout_cocytus_water_paths
Coc:3:    layout_cocytus_water_paths
Coc:4:    layout_ice_bergs
Coc:5:    layout_cocytus_water_paths
Coc:6:    layout_cocytus_water_paths
Coc:7:    coc_grunt_cove [coc_grunt_cove_antaeus, coc_grunt_cove_fiend,
          coc_grunt_cove_fiend, coc_grunt_cove_fiend, coc_grunt_cove_fiend]
Tar:1:    layout_honeycomb
Tar:2:    layout_grid_maze, nicolae_tar_honey_chapel
Tar:3:    layout_catacombs
Tar:6:    nicolae_tar_tart_auras, layout_cathedral_of_symmetry
Tar:7:    tar_old
Zot:1:    layout_misc_corridors, uniq_grunn
Zot:2:    layout_cathedral_of_symmetry, st_single_dragon_hoard_3,
          grunt_megastairs_5
Zot:3:    layout_basic, grunt_ministairs_10, uniq_parghit, uniq_josephina
Zot:4:    layout_onion_interference
Zot:5:    layout_basic, serial_nicolae_subway, nicolae_sub_station_crystal,
          nicolae_sub_station_metal, nicolae_sub_station_stone

Skill      XL: |  1  2  3  4  5  6  7  8  9 10 11 12 13 14 15 16 17 18 19 20 21 22 23 24 25 26 27 |
---------------+----------------------------------------------------------------------------------+-----
Spellcasting   | 3 4 5 7 8 9 10 11 12 13 14 16 17 18 19 27 | 27.0
Summonings     | 5 6 8 9 10 11 12 13 14 | 14.6
Hexes          | 1 2 3 9 |  9.8
Air Magic      | 3 6 9 11 12 13 14 15 16 17 27 | 27.0
Translocations | 2 5 6 7 8 9 10 11 12 13 14 15 | 15.2
Fighting       | 1 4 7 9 10 11 12 13 14 15 17 18 19 20 27 | 27.0
Dodging        | 5 7 9 10 11 12 13 14 15 17 18 19 20 21 27 | 27.0
Transmutations | 3 7 9 10 11 12 13 14 15 16 27 | 27.0
Unarmed Combat | 5 8 11 13 14 27 | 27.0
Necromancy     | 3 6 8 25 | 25.4
Evocations     | 20 | 20.3
Stealth        | 22 | 22.1

Action                   |  1- 3 |  4- 6 |  7- 9 | 10-12 | 13-15 | 16-18 | 19-21 | 22-24 | 25-27 || total
-------------------------+-------+-------+-------+-------+-------+-------+-------+-------+-------++-------
Melee: Dagger            |     5 |       |       |       |       |       |       |       |       ||     5
       Tentacles         |     2 |     4 |     3 |     7 |    15 |     5 |     6 |       |     2 ||    44
       Short sword       |     1 |       |       |       |       |       |       |       |       ||     1
       Hand axe          |     8 |    10 |     2 |       |       |       |       |       |       ||    20
       Constrict         |     3 |     5 |     2 |     8 |    11 |     3 |     6 |       |     1 ||    39
       Staff             |       |       |    16 |    22 |    37 |     8 |    17 |     2 |    12 ||   114
       Punch             |       |       |     1 |       |       |       |     8 |    20 |   222 ||   251
       War axe           |       |       |       |       |       |    12 |       |       |       ||    12
       Unarmed           |       |       |       |       |       |       |   369 |  1229 |  6500 ||  8098
       Pseudopods        |       |       |       |       |       |       |       |       |     3 ||     3
       Kick              |       |       |       |       |       |       |       |       |     2 ||     2
       Bite              |       |       |       |       |       |       |       |       |     1 ||     1
 Cast: Summon Small Mamm |    12 |       |       |       |       |       |       |       |       ||    12
       Call Imp          |    11 |     9 |    20 |       |     1 |       |       |       |       ||    41
       Summon Guardian G |       |     3 |    36 |    54 |    66 |       |       |       |       ||   159
       Call Canine Famil |       |    17 |    48 |    49 |    81 |       |       |       |       ||   195
       Summon Lightning  |       |       |    35 |    67 |   144 |     4 |       |       |       ||   250
       Summon Forest     |       |       |       |    12 |    63 |    61 |    73 |    27 |     2 ||   238
       Summon Cactus Gia |       |       |       |       |    73 |   101 |   125 |    31 |    21 ||   351
       Dispersal         |       |       |       |       |     2 |     3 |     1 |       |       ||     6
       Monstrous Menager |       |       |       |       |       |   211 |   173 |     1 |    59 ||   444
       Summon Mana Viper |       |       |       |       |       |    44 |    56 |     5 |    18 ||   123
       Malign Gateway    |       |       |       |       |       |    11 |    22 |    13 |    20 ||    66
       Swiftness         |       |       |       |       |       |       |     2 |     2 |     2 ||     6
       Storm Form        |       |       |       |       |       |       |    59 |    96 |   390 ||   545
       Manifold Assault  |       |       |       |       |       |       |   120 |   509 |  3123 ||  3752
       Wereblood         |       |       |       |       |       |       |       |     3 |   227 ||   230
       Passage of Golubr |       |       |       |       |       |       |       |     3 |     1 ||     4
       Blink             |       |       |       |       |       |       |       |     1 |     1 ||     2
       Passwall          |       |       |       |       |       |       |       |       |    18 ||    18
       Death Channel     |       |       |       |       |       |       |       |       |    35 ||    35
       Maxwell's Capacit |       |       |       |       |       |       |       |       |    13 ||    13
       Silence           |       |       |       |       |       |       |       |       |     7 ||     7
       Death's Door      |       |       |       |       |       |       |       |       |     5 ||     5
       Disjunction       |       |       |       |       |       |       |       |       |     2 ||     2
       Summon Horrible T |       |       |       |       |       |       |       |       |     2 ||     2
       Apportation       |       |       |       |       |       |       |       |       |     1 ||     1
Invok: Call Merchant     |       |       |       |     1 |     3 |       |       |     1 |       ||     5
       Potion Petition   |       |       |       |       |       |     2 |     2 |     1 |       ||     5
       Oozemancy         |       |       |       |       |       |       |       |       |     2 ||     2
 Abil: Blinkbolt         |       |       |       |       |       |       |    11 |    16 |   120 ||   147
       End Transformatio |       |       |       |       |       |       |       |       |     3 ||     3
Evoke: Wand              |       |       |       |       |     6 |    14 |     2 |       |    13 ||    35
       Box of beasts     |       |       |       |       |       |     2 |       |       |     1 ||     3
       Phantom mirror    |       |       |       |       |       |       |     1 |       |     2 ||     3
       Horn of Geryon    |       |       |       |       |       |       |       |       |     1 ||     1
       Phial of floods   |       |       |       |       |       |       |       |       |     1 ||     1
  Use: Scroll            |       |       |    22 |     6 |    14 |     4 |     2 |     4 |    24 ||    76
       Potion            |       |       |     1 |     5 |     1 |     1 |     2 |     2 |    39 ||    51
 Stab: Sleeping          |     2 |       |       |       |       |       |     2 |     1 |     2 ||     7
       Betrayed ally     |       |       |       |     1 |       |       |       |       |       ||     1
       Distracted        |       |       |       |       |     1 |     1 |     3 |     5 |    20 ||    30
       Confused          |       |       |       |       |       |       |       |       |     1 ||     1
       Petrified         |       |       |       |       |       |       |       |       |     1 ||     1
Armor: Skin              |     2 |     1 |     6 |     6 |    16 |     7 |    39 |    59 |   333 ||   469
Dodge: Dodged            |     9 |    15 |    50 |    70 |    89 |   109 |   402 |   417 |  2499 ||  3660
Block: Buckler           |       |       |       |       |    20 |    42 |    47 |       |     7 ||   116
       Reflection        |       |       |       |       |       |    18 |    23 |       |       ||    41

Table legend: (Time is in decaauts)
 A = Elapsed time spent in this place.
 B = Non-inter-level travel time spent in this place.
 C = Inter-level travel time spent in this place.
 D = Time resting spent in this place.
 E = Time spent auto-exploring this place.
 F = Levels seen in this place.
 G = Mean time per level.
                   A        B        C        D        E       F      G
               +--------+--------+--------+--------+--------+-----+--------+
         Total | 116532 | 105994 |  10538 |   9587 |  70227 | 139 |  838.4 |
       Dungeon |  21098 |  17719 |   3379 |   1759 |  11855 |  15 | 1406.5 |
        Temple |    334 |    324 |     10 |    216 |     94 |   1 |  334.0 |
          Lair |   6159 |   5319 |    840 |    334 |   3925 |   5 | 1231.8 |
        Shoals |   8412 |   8115 |    297 |    991 |   5620 |   4 | 2103.0 |
     Snake Pit |   7136 |   6462 |    674 |    965 |   4232 |   4 | 1784.0 |
    Slime Pits |   1028 |    804 |    224 |      0 |    625 |   5 |  205.6 |
  Orcish Mines |   3327 |   2689 |    638 |    766 |   1178 |   2 | 1663.5 |
   Elven Halls |   6235 |   5942 |    293 |    637 |   3980 |   3 | 2078.3 |
        Vaults |  11482 |  10306 |   1176 |    632 |   7909 |   5 | 2296.4 |
         Crypt |   4158 |   3640 |    518 |     10 |   2978 |   3 | 1386.0 |
          Tomb |   2402 |   2163 |    239 |    471 |    346 |   3 |  800.7 |
        Depths |   6365 |   5114 |   1251 |    175 |   4040 |   4 | 1591.2 |
          Hell |   1074 |    862 |    212 |    115 |    457 |   1 | 1074.0 |
           Dis |   2818 |   2796 |     22 |    224 |   1812 |   7 |  402.6 |
       Gehenna |   1559 |   1536 |     23 |     60 |    951 |   7 |  222.7 |
       Cocytus |   1631 |   1579 |     52 |     91 |   1048 |   7 |  233.0 |
      Tartarus |   1663 |   1603 |     60 |     91 |    456 |   5 |  332.6 |
           Zot |   5388 |   4762 |    626 |     86 |   3670 |   5 | 1077.6 |
         Abyss |    846 |    846 |      0 |      0 |    526 |   5 |  169.2 |
   Pandemonium |  16628 |  16628 |      0 |    241 |  12959 |  17 |  978.1 |
      Ziggurat |   2880 |   2880 |      0 |    339 |    212 |  27 |  106.7 |
         Sewer |    483 |    483 |      0 |     11 |    306 |   1 |  483.0 |
       Ossuary |    515 |    515 |      0 |    187 |    146 |   1 |  515.0 |
      Ice Cave |   2177 |   2177 |      0 |    826 |    788 |   1 | 2177.0 |
        Wizlab |    724 |    724 |      0 |    357 |    112 |   1 |  724.0 |
               +--------+--------+--------+--------+--------+-----+--------+

Top non-repeatable levels by time:
Vaults:1: 2866 daAuts
Vaults:3: 2830 daAuts
   Elf:3: 2718 daAuts
Vaults:4: 2668 daAuts
Shoals:4: 2542 daAuts
   IceCv: 2177 daAuts
Shoals:3: 2064 daAuts
Shoals:2: 2044 daAuts
   Elf:2: 2035 daAuts
    D:12: 2022 daAuts
 Snake:4: 2018 daAuts
 Snake:3: 1955 daAuts
   Dis:7: 1950 daAuts
     D:6: 1934 daAuts
Vaults:2: 1893 daAuts
